 Dungeon Crawl Stone Soup version 0.21-a0-625-g1119ec1 (webtiles) character file.

2465648 Iwannabefree the Slayer (level 27, 274/274 HPs)
             Began as a Naga Artificer on Dec 24, 2017.
             Was the Champion of Yredelemnul.
             Escaped with the Orb
             ... and 4 runes!
             The game lasted 03:59:43 (63577 turns).

Iwannabefree the Slayer (Naga Artificer)           Turns: 63577, Time: 03:59:44

Health: 274/274    AC: 52    Str: 17    XL:     27
Magic:  39/39      EV:  9    Int: 31    God:    Yredelemnul [******]
Gold:   4277       SH: 14    Dex: 20    Spells: 2/51 levels left

rFire    + + +     SeeInvis +   V - +9 eveningstar (drain)
rCold    + + +     Gourm    .   t - +2 shield {AC+3}
rNeg     + . .     Faith    .   Y - +7 fire dragon scales
rPois    +         Spirit   .   N - +0 helmet
rElec    .         Reflect  .   c - +2 cloak {+Inv}
rCorr    .         Harm     .   G - +3 pair of gauntlets of War {Slay+5}
MR       ++++.                  a - +4 naga barding {rC+}
Stlth    ++........             F - amulet "Wuirugil" {Regen+ Int+6 Dex+3}
HPRegen  0.95/turn              p - ring of Xiuc Vuw {rPois rC+ MR+ Int+3}
MPRegen  0.26/turn              o - ring "Votyf" {rF+ rC++ rN+ Int+5 Stlth+}

@: wreathed by umbra, studying Shields, deflect missiles, very slow
A: large, camouflage 1, see invisible, agile 1, blink, deformed body,
deterioration 2, fire resistance 1, poison resistance, shaggy fur 1, slowness 2,
slow metabolism 1, spit poison 2, weak 1, constrict 1, AC +9
0: Orb of Zot
}: 4/15 runes: decaying, serpentine, slimy, silver
a: Breathe Poison Gas, Blink, Recall Undead Slaves, Injury Mirror, Animate Dead,
Drain Life, Enslave Soul, Renounce Religion, Evoke Invisibility


You escaped.
You worshipped Yredelemnul.
Yredelemnul was exalted by your worship.
You were very full.

You visited 11 branches of the dungeon, and saw 57 of its levels.
You visited the Abyss 1 time.
You visited 2 bazaars.
You also visited: Labyrinth, Ossuary, Ice Cave, Volcano, Wizlab and Desolation.

You collected 7656 gold pieces.
You spent 3379 gold pieces at shops.

Inventory:

Hand Weapons
 V - a +9 eveningstar of draining (weapon)
Missiles
 R - 5 throwing nets (quivered)
Armour
 a - a +4 naga barding of cold resistance (worn)
 c - a +2 cloak of invisibility (worn)
 h - a +1 large shield of reflection
 t - a +2 shield of protection (worn)
 G - the +3 pair of gauntlets of War (worn) {Slay+5}
   (You bought it in a shop on level 2 of the Elven Halls)

   It affects your accuracy and damage with ranged weapons and melee attacks
   (+5).
 N - a +0 helmet (worn)
 Y - +7 fire dragon scales (worn)
Jewellery
 o - the ring "Votyf" (right hand) {rF+ rC++ rN+ Int+5 Stlth+}
   (You took it off a minotaur in a labyrinth)

   [ring of intelligence]

   It affects your intelligence (+5).
   It protects you from fire.
   It greatly protects you from cold.
   It protects you from negative energy.
   It makes you more stealthy.
 p - the ring of Xiuc Vuw (left hand) {rPois rC+ MR+ Int+3}
   (You found it in a labyrinth)

   [ring of protection from magic]

   It affects your intelligence (+3).
   It protects you from cold.
   It protects you from poison.
   It affects your resistance to hostile enchantments.
 B - the ring "Alun" {+Blink rElec rF++ rN+ Str-5}
   (You took it off a skeletal warrior on level 3 of the Crypt)

   [ring of positive energy]

   It affects your strength (-5).
   It greatly protects you from fire.
   It insulates you from electricity.
   It protects you from negative energy.
   It lets you blink.
 F - the amulet "Wuirugil" (around neck) {Regen+ Int+6 Dex+3}
   (You took it off a deep elf demonologist on level 3 of the Elven Halls)

   [amulet of regeneration]

   It affects your intelligence (+6).
   It affects your dexterity (+3).
   It increases your rate of regeneration.
 Z - the ring "Sacuz" {Wiz rC+ rN+ Str+3}
   (You found it in a wizard's laboratory)

   [ring of wizardry]

   It improves your spell success rate.
   It affects your strength (+3).
   It protects you from cold.
   It protects you from negative energy.
Wands
 d - a wand of digging (13) {@v4}
 e - a wand of clouds (22)
 s - a wand of acid (20)
 Q - a wand of scattershot (21)
Scrolls
 r - 35 scrolls of identify {@r1}
 u - 2 scrolls of silence
 x - 45 scrolls of remove curse {@r2}
 y - 9 scrolls of immolation
 z - 4 scrolls of fog {@r4}
 A - 6 scrolls of summoning
 C - 7 scrolls of blinking {@r4}
 D - 11 scrolls of amnesia
 H - 4 scrolls of enchant weapon
 J - 20 scrolls of teleportation {@r3}
 T - 15 scrolls of fear {@r5}
Potions
 b - 8 potions of resistance
 g - 9 potions of mutation
 j - a potion of invisibility
 k - 5 potions of haste {@q3}
 l - 4 potions of might {@q4}
 m - 14 potions of agility {@q5}
 n - 5 potions of heal wounds {@q2}
 q - 29 potions of curing {@q1}
 v - 5 potions of magic
 E - 4 potions of berserk rage
 I - 7 potions of cancellation
 M - 9 potions of brilliance
 S - a potion of flight
 X - 3 potions of ambrosia
Books
 K - the Collected Works on Dark Secrets
   (You found it on level 3 of the Crypt)

   Spells                             Type                      Level
   a - Corpse Rot                     Necromancy                   2
   b - Vampiric Draining              Necromancy                   3
   c - Excruciating Wounds            Charms/Necromancy            5
   d - Simulacrum                     Ice/Necromancy               6
   e - Death Channel                  Necromancy                   6
   f - Haunt                          Necromancy/Summoning         7
 P - a book of Party Tricks

   Spells                             Type                      Level
   a - Summon Butterflies             Summoning                    1
   b - Apportation                    Translocation                1
   c - Lesser Beckoning               Translocation                3
   d - Tukima's Dance                 Hexes                        3
   e - Alistair's Intoxication        Transmutation/Poison         5
   f - Invisibility                   Hexes                        6
 U - a manual of Shields
Miscellaneous
 i - a lamp of fire
 w - a lightning rod (4/4)
 W - a phial of floods
Comestibles
 f - 69 rations


   Skills:
 + Level 21.6 Fighting
   Level 2.9 Short Blades
   Level 4.7(13.3) Axes
 - Level 18.7(18.8) Maces & Flails
 + Level 17.6 Armour
 - Level 6.0 Dodging
 - Level 1.5 Stealth
 - Level 9.0 Shields
 - Level 12.7 Spellcasting
 - Level 8.0 Conjurations
 - Level 4.0 Hexes
 - Level 6.0 Charms
 - Level 12.0 Summonings
 - Level 14.2 Necromancy
 - Level 4.0 Translocations
 - Level 15.8 Air Magic
 - Level 5.0 Earth Magic
 - Level 10.0 Invocations
 - Level 5.0 Evocations


You had 2 spell levels left.
You knew the following spells:

 Your Spells              Type           Power        Failure   Level  Hunger
a - Spectral Weapon       Hex/Chrm       ######..     2%          3    None
b - Bolt of Draining      Conj/Necr      ######....   1%          5    #......
c - Borgnjor's Vile Clut  Necr/Erth      ######....   3%          5    #......
d - Death Channel         Necr           #######...   2%          6    ####...
e - Blink                 Tloc           N/A          1%          2    None
f - Deflect Missiles      Chrm/Air       ######....   11%         6    ####...
g - Summon Butterflies    Summ           #######.     1%          1    None
h - Recall                Summ/Tloc      N/A          1%          3    None
i - Haunt                 Necr/Summ      #######...   24%         7    ######.
o - Apportation           Tloc           #####.       1%          1    None
p - Passwall              Tmut/Erth      #####.....   3%          2    None
r - Regeneration          Chrm/Necr      ######....   1%          3    None
s - Silence               Hex/Air        ######....   2%          5    #......


Dungeon Overview and Level Annotations

Branches:
Dungeon (15/15)            Temple (0/1) D:7            Lair (6/6) D:10
  Swamp (4/4) Lair:2        Snake (4/4) Lair:4        Slime (5/5) Lair:5
    Orc (2/2) D:11            Elf (3/3) Orc:2        Vaults (5/5) D:14
  Crypt (3/3) Vaults:2       Tomb (0/3) Crypt:3      Depths (5/5) D:15
    Zot (5/5) Depths:5

Altars:
Ashenzari
Cheibriados
Dithmenos
Elyvilon
Fedhas
Gozag
Hepliaklqana
Kikubaaqudgha
Makhleb
Nemelex Xobeh
Okawaru
Qazlal
Trog
Uskayaw
Vehumet
Wu Jian
Yredelemnul
Zin
The Shining One
Beogh
Jiyva

Shops:
D:6 }   D:15 :   Orc:2 [%([   Elf:1 !   Elf:2 [*   Snake:3 =}=   Snake:4 *
Vaults:1 }   Vaults:5 *

Portals:
Hell: Lair:6 Depths:1 Depths:2 Depths:3 Depths:4 Depths:5
Abyss: Depths:1 Depths:2 Depths:3 Depths:4 Depths:5
Pandemonium: Depths:3
Ziggurat: Depths:5


Innate Abilities, Weirdness & Mutations

You cannot wear boots.
Your serpentine skin is tough. (AC +9)
You have supernaturally acute eyesight. (SInv)
Armour fits poorly on your strangely shaped body.
Your system is resistant to poisons. (rPois)
You cover ground very slowly.
You have a slow metabolism.
You can exhale a cloud of poison.
You can use your snake-like lower body to constrict enemies.
Your skin changes colour to match your surroundings (Stealth+).
You are agile. (Dex +2)
You can translocate small distances at will.
Your body often deteriorates upon taking damage.
Your flesh is heat resistant. (rF+)
You are covered in fur. (AC +1)
You are weak. (Str -2)


Message History

Your profane servitor hits the Tzitzimitl with a demon whip of freezing!
Your profane servitor hits the Tzitzimitl but does no damage.
Your ghoul claws the Tzitzimitl but does no damage. x2
You impale the Tzitzimitl!!
You kill the Tzitzimitl!
Yredelemnul accepts your kill.
(D) Dungeon (T) Temple (L) Lair (S) Swamp (P) Snake Pit (M) Slime Pits (O) Orcish Mines (E) Elven Halls (V) Vaults (C) Crypt (W) Tomb (U) Depths (H) Hell (Z) Zot
Where to? (Enter - D:1, ? - help)
You swap places.
Magic restored.
There is a stone staircase leading up, spattered with blood here.
You climb upwards.
Your mindless thrall stays behind.
There is a stone staircase leading down here.
You swap places.
You swap places.
A neqoxec comes into view.
The neqoxec shouts!
You regained 19 hp, and now have 260/274 hp.
MP restored: 39 An angel comes into view.
It is wielding a whip of holy wrath.
You regained 2 hp, and now have 262/274 hp.
The angel moves out of view.
The neqoxec gestures.
A hellion, a shadow demon and a pandemonium lord come into view.
There is a stone staircase leading up here.
The shadow demon gives a loud, deep croak!
You hear a shout!
The neqoxec gestures at you.
Something tries to feed on your intellect!
You climb upwards.
Your mindless thralls stay behind.
There is a stone staircase leading down here.
You regained 2 hp, and now have 265/274 hp.
(D) Dungeon (T) Temple (L) Lair (S) Swamp (P) Snake Pit (M) Slime Pits (O) Orcish Mines (E) Elven Halls (V) Vaults (C) Crypt (W) Tomb (U) Depths (H) Hell (Z) Zot
Where to? (Enter - D:1, ? - help) HP restored.
There is a stone staircase leading up here.
You climb upwards.
There is a stone staircase leading down here.
There is a stone staircase leading up here.
You climb upwards.
There is a stone staircase leading down here.
You swap places.
You see here a leather armour.
There is a stone staircase leading up here.
You climb upwards.
There is a stone staircase leading down here.
There is a stone staircase leading up here.
You climb upwards.
There is a stone staircase leading down here.
Health restored: 274 You swap places.
An Orb Guardian comes into view.
You impale the Orb Guardian!! You drain the Orb Guardian!
The Orb Guardian is heavily wounded.
The Orb Guardian hits you but does no damage.
You bludgeon the Orb Guardian!!
The Orb Guardian is severely wounded.
Your profane servitor hits the Orb Guardian with a demon whip of freezing!
Your profane servitor draws strength from the Orb Guardian's injuries!
Your profane servitor freezes the Orb Guardian.
Your profane servitor hits the Orb Guardian but does no damage.
The Orb Guardian hits you!
You take 10 damage, and have 264/274 hp.
You impale the Orb Guardian!!
You kill the Orb Guardian!
Yredelemnul accepts your kill.
No target in view!
You regained 2 hp, and now have 266/274 hp.
You open the door.
There is an open door here.
You regained 2 hp, and now have 271/274 hp.
Health restored: 274
There is a staircase leading out of the dungeon here.
You hear a grinding noise.
You have escaped!

##.######.............######.#...
##..................)............
##########.###........######.#...
# #..#######.### #.#... # ##.#
##'## #.#... # #.# #...# ##.##..
# #.# #...# #..##.. #.# ###...###
#..#8.. #.# #@A.....# #......
#.####.......####.....>
#.#.............#.##8..
#.'......⌠......'..##..
###.............##....#
####.......#####....# #.......#
#....# ###...### ###.## #...# #.#


You could see a friendly profane servitor.

Vanquished Creatures
  2 pandemonium lords
  6 ancient liches
  An orb of fire (Zot:5)
  Boris (Vaults:2)
  2 Killer Klowns (Zot:5)
  2 curse toes
  Nikola (Swamp:2)
  2 profane servitors
  Jory (Vaults:3)
  3 golden dragons
  A Tzitzimitl (D:7)
  3 electric golems
  A Cloud Mage (WizLab)
  5 liches
  3 tentacled monstrosities
  19 Orb Guardians
  2 deep elf master archers (Elf:3)
  2 deep elf blademasters
  A quicksilver dragon (shapeshifter) (Vaults:5)
  4 quicksilver dragons
  17 acid blobs
  A shadow dragon (Zot:5)
  2 tentacled starspawn (Abyss:2)
  5 storm dragons
  A thorn hunter (Swamp:3)
  An ancient champion (Crypt:3)
  Agnes (Snake:1)
  4 death cobs
  5 tengu reavers
  Donald (Swamp:1)
  A nagaraja (Snake:4)
  A daeva (Abyss:2)
  9 azure jellies
  3 revenants
  6 deep elf sorcerers
  6 fire giants
  A balrug (Zot:1)
  3 iron dragons
  10 vault wardens
  2 draconian scorchers (Zot:2)
  3 curse skulls
  A ghost moth (shapeshifter) (Vaults:4)
  2 imperial myrmidons (Desolation)
  2 frost giants
  A draconian annihilator (Depths:5)
  2 deep elf elementalists
  2 draconian shifters
  A juggernaut zombie (Depths:5)
  2 angels (Vaults:1)
  2 ghouls (Crypt:3)
  A spriggan defender (Depths:1)
  A war gargoyle (Depths:4)
  2 entropy weavers
  A reaper (Depths:4)
  13 very ugly things
  17 stone giants
  9 ironheart preservers
  5 vampire knights
  A caustic shrike skeleton (Depths:3)
  3 deep elf demonologists
  2 black draconians
  4 deep elf annihilators
  4 yellow draconians
  2 purple draconians
  A green draconian (Zot:2)
  A red draconian (Depths:5)
  A white draconian (Zot:2)
  6 spark wasps
  A minotaur (Lab)
  2 eidola
  A crystal guardian (Desolation)
  5 blizzard demons
  A green death (Zot:2)
  3 fire dragons
  16 ettins
  3 death oozes (Slime:5)
  5 deep elf high priests
  7 deep elf death magi
  3 jiangshi
  2 ragged hierophants (Desolation)
  13 yaktaur captains
  Harold (D:10)
  12 great orbs of eyes
  23 vault guards
  5 servants of whispers (Desolation)
  3 naga warriors (Snake:3)
  2 hydras
  3 rakshasas
  5 ice dragons
  5 centaur warriors
  5 ghost crabs
  7 spriggan air magi
  4 peacekeepers (Desolation)
  An anaconda (Snake:1)
  2 death knights
  11 ogre magi
  A thrashing horror (Abyss:2)
  23 two-headed ogres
  11 tengu warriors
  4 spriggan berserkers
  12 deep troll shamans
  A death yak (IceCv)
  4 naga sharpshooters
  A queen ant (Lair:4)
  7 vampire magi
  11 dancing weapons
  3 deep troll earth magi
  4 shock serpents
  A shock serpent (shapeshifter) (Vaults:2)
  Sonja (Lair:2)
  12 deep elf knights
  A storm dragon zombie (Crypt:1)
  2 sun demons
  9 soul eaters
  3 wretched stars (Abyss:2)
  8 skeletal warriors
  A shadow wraith (Vaults:4)
  2 salamander mystics (Snake:4)
  2 death drakes
  A spectral elf (Elf:3)
  A ghost moth zombie (Crypt:3)
  9 hell knights
  A sixfirhy (Lair:6)
  2 quicksilver dragon simulacra
  2 wizards
  4 unseen horrors
  2 iron trolls (Depths:4)
  6 flayed ghosts
  3 spriggan druids
  2 naga ritualists
  A swamp dragon (Swamp:2)
  11 deep elf archers
  2 glowing orange brains
  A spectral hydra (Swamp:4)
  8 orc knights
  An anaconda skeleton (Crypt:3)
  5 large abominations
  5 necromancers
  31 deep trolls
  A shadow dragon zombie (Crypt:3)
  14 ironbrand convokers
  7 phantasmal warriors
  A harpy (shapeshifter) (Depths:5)
  2 iron dragon zombies (Depths:4)
  A shambling mangrove (Swamp:3)
  A mana viper (shapeshifter) (Vaults:1)
  7 mana vipers
  A wolf spider zombie (Crypt:1)
  A shining eye (shapeshifter) (Depths:4)
  49 deep elf magi
  A frost giant zombie (Crypt:1)
  5 moths of wrath
  5 salamanders
  A wolf spider (Vaults:2)
  5 orc sorcerers
  2 stone giant zombies
  5 cyclopes
  6 shining eyes
  A sphinx skeleton (Depths:4)
  38 ugly things
  A manticore (D:11)
  3 fire giant skeletons
  An elephant (Lair:6)
  12 black mambas
  2 apocalypse crabs (WizLab)
  An iron dragon skeleton (Crypt:2)
  5 rust devils
  An ice statue (Depths:4)
  2 molten gargoyles (Volcano)
  2 guardian serpents (Desolation)
  4 naga magi
  A smoke demon (Lair:6)
  4 eyes of devastation
  13 vault sentinels
  4 spiny frogs
  2 orange demons
  5 gargoyles
  An elf skeleton (Depths:4)
  6 rime drakes
  A rime drake (shapeshifter) (Depths:1)
  2 swamp worm zombies (Swamp:4)
  6 komodo dragons
  49 yaktaurs
  An alligator snapping turtle skeleton (Crypt:3)
  9 freezing wraiths
  A guardian mummy (Zot:2)
  A spark wasp simulacrum (Depths:3)
  A yaktaur skeleton (Vaults:4)
  3 ancient zymes (Abyss:2)
  2 ice devils
  3 hellwings
  4 red devils
  2 meliai (D:13)
  A tengu conjurer (Depths:4)
  A jumping spider (Vaults:3)
  A queen bee (shapeshifter) (Vaults:3)
  A shadow dragon simulacrum (Vaults:5)
  A troll (shapeshifter) (Depths:1)
  2 harpy zombies
  A hornet (shapeshifter) (Depths:3)
  A tengu simulacrum (Vaults:3)
  A jumping spider (shapeshifter) (Depths:2)
  A tyrant leech (Swamp:4)
  3 trolls
  12 polar bears
  A blink frog (shapeshifter) (Vaults:4)
  5 bog bodies
  7 hornets
  28 saltlings (Desolation)
  4 raiju (Abyss:2)
  An alligator zombie (Swamp:4)
  59 slime creatures
  A stone giant simulacrum (Vaults:2)
  2 ettin zombies
  6 blink frogs
  A frost giant simulacrum (Depths:3)
  8 hippogriffs
  A death drake skeleton (Crypt:2)
  13 air elementals
  6 small abominations
  4 shadows
  A fire dragon skeleton (Crypt:2)
  6 flying skulls
  8 wraiths
  A ynoxinul (D:14)
  4 spriggans
  4 water elementals
  30 yaks
  A yak (shapeshifter) (Elf:1)
  A redback (Vaults:3)
  2 wyverns
  A hog (shapeshifter) (Vaults:4)
  3 basilisks
  6 fire bats (Volcano)
  2 vampires
  4 hogs (Swamp:3)
  A fire elemental (Elf:3)
  A golden eye (Slime:5)
  3 chaos spawn
  4 hungry ghosts (D:11)
  3 vampire mosquitoes (Swamp:1)
  3 neqoxecs
  A deep troll zombie (Depths:5)
  4 wargs
  A harpy simulacrum (Crypt:2)
  19 soldier ants (Lair:4)
  6 insubstantial wisps
  Edmund (D:4)
  2 acid dragons
  18 nagas
  11 swamp worms
  6 hell hounds
  A water moccasin (shapeshifter) (Vaults:2)
  10 water moccasins
  6 porcupines
  A floating eye (shapeshifter) (Depths:4)
  2 ice beasts
  A black bear (Lair:3)
  3 swamp drakes
  A spiny frog skeleton (Crypt:1)
  4 sky beasts
  29 orc warriors
  4 eyes of draining
  2 phantoms
  16 boggarts
  2 human zombies
  6 necrophages
  3 starcursed masses (Abyss:2)
  A tengu (shapeshifter) (D:15)
  27 ogres
  22 wolves
  A tengu (Lab)
  6 centaurs
  8 crocodiles
  2 swamp dragon skeletons
  2 snapping turtle skeletons (Crypt:2)
  A big kobold (D:11)
  17 bullfrogs
  A gnoll sergeant (D:8)
  A human skeleton (Vaults:2)
  4 earth elementals
  A spiny frog simulacrum (Crypt:2)
  2 wyvern skeletons
  3 scorpions
  2 troll zombies (D:11)
  A spriggan zombie (Depths:5)
  A yak zombie (IceCv)
  5 polar bear zombies
  An elf simulacrum (Vaults:3)
  A killer bee (Lab)
  A wight (Crypt:1)
  2 howler monkeys (D:5)
  3 electric eels
  7 lava snakes
  10 crimson imps
  3 centaur zombies
  7 hounds
  3 quasits (Abyss:2)
  2 bullfrog zombies
  11 jellies
  15 orc wizards
  A bullfrog skeleton (D:13)
  A gnoll shaman (D:8)
  14 orc priests
  2 centaur skeletons
  Ijyb (D:3)
  Jessica (D:2)
  2 iguanas
  19 worker ants
  3 big kobold zombies (Ossuary)
  2 ogre zombies (D:11)
  A demigod skeleton (Crypt:1)
  A naga zombie (Crypt:2)
  2 mummies
  2 worker ant zombies
  11 gnolls
  11 adders
  2 shadow imps
  11 white imps (Lair:1)
  7 oozes
  8 adder zombies
  An adder skeleton (D:4)
  A worm (D:4)
  A barachi skeleton (Crypt:3)
  A dart slug (D:4)
  9 leopard geckos
  97 orcs
  9 giant cockroaches
  4 goblins
  5 hobgoblins
  8 jackals
  9 kobolds
  6 quokkas
  A ball python skeleton (Crypt:2)
  A bat (D:3)
  6 frilled lizards
  A frilled lizard skeleton (Crypt:1)
  3 gnoll zombies (Ossuary)
  2 goblin skeletons (D:11)
  2 goblin zombies (D:11)
  A hobgoblin skeleton (D:11)
  5 hobgoblin zombies (Ossuary)
  8 kobold zombies
  3 orc skeletons (D:11)
  21 orc zombies
  A quokka skeleton (D:4)
  A quokka zombie (D:9)
  6 rats (D:1)
  A rat skeleton (Crypt:2)
  A briar patch (Swamp:3)
1829 creatures vanquished.

Vanquished Creatures (collateral kills)
  the Royal Jelly (Slime:5)
  3 ancient liches
  Mara (Depths:1)
  5 orbs of fire (Zot:5)
  2 juggernauts
  Xtahua (Depths:3)
  A curse toe (Zot:3)
  The ghost of Gorglomux the Formicid Blade, a veteran FoSu of Okawaru (Depths:2)
  2 golden dragons
  4 bone dragons
  3 tentacled monstrosities
  An electric golem (Zot:5)
  2 liches
  A deep elf blademaster (Elf:3)
  10 Orb Guardians
  2 quicksilver dragons
  A titan (Depths:1)
  2 ancient champions (Crypt:3)
  2 acid blobs
  A sphinx (Vaults:5)
  5 death cobs
  5 storm dragons
  Roxanne (Snake:3)
  4 shadow dragons
  2 tengu reavers (Depths:1)
  2 thorn hunters
  2 azure jellies (Slime:5)
  7 nagarajas
  2 vault wardens (Vaults:5)
  2 deep elf sorcerers
  Aizul (Snake:1)
  A balrug (Depths:4)
  6 frost giants
  2 orc warlords
  A cacodemon (Depths:1)
  A curse skull (Crypt:3)
  A draconian scorcher (Zot:5)
  2 spriggan defenders (Depths:4)
  A deep elf elementalist (Elf:3)
  A war gargoyle (Vaults:5)
  5 stone giants
  4 ironheart preservers
  A ghoul (Crypt:1)
  11 very ugly things
  2 reapers
  An entropy weaver (Lair:4)
  4 deep elf demonologists
  A deep elf annihilator (Elf:3)
  A green draconian (Zot:1)
  A spark wasp (Depths:3)
  A black draconian (Zot:5)
  Nessos (Orc:2)
  2 red draconians
  A white draconian (Zot:5)
  A dire elephant (D:15)
  An eidolon (Crypt:3)
  A halazid warlock (Desolation)
  5 ettins
  2 deep elf high priests
  8 deep elf death magi
  2 fire dragons
  A death ooze (Slime:5)
  A jiangshi (Crypt:3)
  7 yaktaur captains
  2 ragged hierophants (Desolation)
  A green death (Zot:5)
  Josephine (Lair:4)
  4 great orbs of eyes
  10 hydras
  8 vault guards
  A peacekeeper (Desolation)
  2 spriggan air magi
  2 servants of whispers (Desolation)
  An anaconda (Snake:2)
  A hell beast (Depths:3)
  2 ghost crabs (Swamp:4)
  The ghost of anet the Jinx, a journeyman DEWz of Ashenzari (Lair:1)
  5 rakshasas
  A catoblepas (D:9)
  6 ice dragons
  8 naga warriors
  5 alligators
  7 centaur warriors
  A satyr (shapeshifter) (D:15)
  8 tengu warriors
  7 deep troll shamans
  3 death knights
  2 ogre magi (Vaults:1)
  15 dancing weapons
  5 deep troll earth magi
  8 naga sharpshooters
  Urug (Lair:4)
  13 two-headed ogres
  5 spriggan berserkers
  3 orc high priests (Orc:2)
  6 hell knights
  4 shock serpents
  A storm dragon zombie (Vaults:5)
  A titan zombie (Crypt:2)
  10 deep elf knights
  3 sun demons
  A shadow wraith (D:14)
  5 soul eaters
  5 skeletal warriors
  A salamander mystic (Snake:4)
  5 large abominations (Depths:1)
  A sixfirhy (Depths:3)
  An unseen horror (D:15)
  2 iron trolls
  A storm dragon skeleton (Depths:3)
  A death drake (Zot:3)
  9 deep trolls
  2 wizards
  A quicksilver dragon simulacrum (Depths:4)
  A shambling mangrove (Swamp:3)
  A spriggan druid (Swamp:4)
  2 spectral hydras (Swamp:4)
  8 deep elf archers
  3 glowing orange brains
  4 flayed ghosts
  4 naga ritualists
  2 swamp dragons
  A shadow dragon zombie (Crypt:1)
  4 phantasmal warriors
  A wolf spider zombie (D:14)
  5 orc knights
  6 necromancers
  8 ironbrand convokers
  2 mana vipers
  33 deep elf magi
  2 wolf spiders
  3 orc sorcerers
  A manticore (D:15)
  2 human zombies
  An oklob plant (Swamp:4)
  An iron dragon skeleton (Crypt:2)
  5 salamanders
  6 cyclopes
  2 moths of wrath (Zot:1)
  A salamander (shapeshifter) (Depths:1)
  7 rust devils
  2 centaur zombies
  An ice statue (IceCv)
  22 ugly things
  3 orange demons
  2 smoke demons (Zot:2)
  9 black mambas
  A spiny frog (shapeshifter) (D:14)
  3 vault sentinels
  4 guardian serpents
  2 centaur skeletons (D:15)
  18 naga magi
  A storm dragon simulacrum (Vaults:3)
  8 spiny frogs
  2 gargoyles
  A rime drake (Lair:5)
  A swamp worm zombie (Swamp:4)
  A catoblepas zombie (Crypt:3)
  19 yaktaurs
  An efreet (D:14)
  2 komodo dragons (D:10)
  3 freezing wraiths
  5 hellwings
  7 hydra zombies
  A tormentor (Depths:3)
  4 trolls
  A tengu conjurer (Depths:4)
  A meliai (D:13)
  A yaktaur (shapeshifter) (Elf:1)
  8 red devils
  19 saltlings (Desolation)
  3 tyrant leeches
  2 polar bears (IceCv)
  A tyrant leech (shapeshifter) (Depths:1)
  12 hornets
  4 blink frogs
  17 slime creatures
  4 alligator zombies (Swamp:4)
  7 bog bodies
  4 spectral swamp dragons (Swamp:4)
  A satyr zombie (Crypt:3)
  2 hippogriffs
  2 flying skulls
  A ynoxinul (Depths:3)
  10 spriggans
  A shadow (D:13)
  3 air elementals
  A water elemental (Elf:1)
  14 yaks
  A vampire (D:14)
  A wyvern (D:11)
  3 hogs (Swamp:3)
  8 wraiths
  An ettin skeleton (Crypt:1)
  2 small abominations (Depths:1)
  2 fire elementals (Elf:2)
  A golden eye (Slime:5)
  3 hungry ghosts
  3 human simulacra
  3 neqoxecs
  8 wargs
  17 vampire mosquitoes
  17 nagas
  5 soldier ants (Lair:4)
  9 insubstantial wisps
  18 swamp worms
  3 hell hounds
  5 water moccasins
  A swamp dragon zombie (Swamp:4)
  A porcupine (Lair:4)
  31 orc warriors
  2 ice beasts (D:11)
  2 swamp drakes
  2 boggarts
  5 ettin simulacra (Depths:4)
  An eye of draining (shapeshifter) (Depths:2)
  A wolf (Lair:3)
  14 ogres
  3 centaurs (D:13)
  3 phantoms (Swamp:4)
  A manticore skeleton (Crypt:1)
  2 necrophages (Lair:2)
  3 crocodiles
  11 bullfrogs
  A wyvern zombie (D:14)
  An earth elemental (Elf:3)
  4 killer bees (D:9)
  2 wights (Crypt:1)
  An electric eel (Lair:3)
  2 bullfrog zombies (D:9)
  4 crimson imps
  A hound (D:11)
  8 orc wizards
  13 orc priests
  9 worker ants
  2 iguanas
  4 ogre zombies (D:11)
  A tengu skeleton (Crypt:1)
  A felid skeleton (Crypt:2)
  A mummy (Ossuary)
  3 gnolls (D:8)
  A swamp drake zombie (Swamp:4)
  A white imp (Lair:1)
  An adder simulacrum (D:9)
  2 leopard geckos
  57 orcs
  A gnoll skeleton (Crypt:2)
  A goblin zombie (D:11)
  2 hobgoblin zombies (D:11)
  3 kobolds (D:11)
  5 orc zombies (D:11)
  2 briar patches (Swamp:3)
  24 fungi
  15 plants
1083 creatures vanquished.

Vanquished Creatures (others)
  6 bone dragons
  3 profane servitors
  A lich (Depths:2)
  A shadow dragon (Zot:3)
  A draconian knight (Depths:5)
  Louise (Swamp:3)
  A deep elf sorcerer (Depths:2)
  7 ghouls
  A Killer Klown zombie (Zot:5)
  5 vampire knights
  2 war gargoyles (Depths:2)
  2 blizzard demons (WizLab)
  3 quicksilver dragon zombies
  A very ugly thing zombie (Depths:1)
  A rakshasa (Vaults:3)
  A spectral human (Swamp:3)
  A ghost crab (WizLab)
  A centaur warrior (Vaults:4)
  2 dancing weapons
  An ogre mage (Depths:2)
  A deep troll earth mage (Depths:1)
  2 storm dragon zombies
  A deep elf knight (Elf:2)
  A skeletal warrior (Zot:1)
  A spark wasp zombie (Depths:5)
  16 flayed ghosts
  A deep elf archer (Elf:2)
  A death drake (WizLab)
  A naga ritualist (Snake:4)
  2 shadow dragon zombies (Zot:5)
  2 stone giant zombies
  A wolf spider zombie (Vaults:5)
  4 phantasmal warriors
  A moth of wrath (Zot:5)
  An apocalypse crab (WizLab)
  A vault sentinel (Vaults:2)
  5 yaktaurs
  A white draconian zombie (Zot:2)
  An iron troll zombie (Depths:4)
  A yellow draconian zombie (Zot:5)
  A red devil (Zot:5)
  A redback zombie (Vaults:3)
  2 ice dragon zombies
  2 guardian serpent zombies (Desolation)
  A saltling (Desolation)
  A moth of wrath zombie (Zot:1)
  An alligator zombie (Swamp:3)
  2 ettin zombies
  A fire giant simulacrum (Abyss:2)
  A fire dragon zombie (D:15)
  A jumping spider zombie (Vaults:3)
  A black mamba zombie (Lair:6)
  9 flying skulls
  5 vampires
  9 deep troll zombies
  4 two-headed ogre zombies
  A spiny frog zombie (Lair:6)
  An orc warrior (D:11)
  4 human zombies
  A necrophage (Crypt:1)
  An elephant zombie (Lair:6)
  A hornet zombie (D:12)
  A killer bee (D:9)
  A blink frog zombie (Lair:6)
  4 boggarts
  A hog zombie (Swamp:3)
  A wolf (IceCv)
  2 centaurs
  A hippogriff zombie (Lair:6)
  2 rime drake zombies
  2 yaktaur zombies (Vaults:3)
  A komodo dragon zombie (Lair:6)
  3 water moccasin zombies
  A warg zombie (Orc:2)
  A polar bear zombie (IceCv)
  3 yak zombies (IceCv)
  3 raiju zombies (Abyss:2)
  2 wights
  6 wolf zombies (IceCv)
  2 bullfrog zombies (Lair:6)
  An orc priest (Orc:2)
  A centaur zombie (D:10)
  An orc wizard (D:4)
  3 human skeletons
  A bog body skeleton (Swamp:4)
  A crocodile zombie (Lair:6)
  5 ogre zombies
  2 hound zombies (D:8)
  2 mummies (D:8)
  2 worker ant zombies (Lair:4)
  2 gnolls (D:3)
  A white imp (Abyss:2)
  An orc (Vaults:4)
  4 gnoll zombies (D:8)
  An orc skeleton (D:10)
  26 orc zombies
  2 briar patches
  A bush (Abyss:2)
  A fungus (Lair:6)
  21 plants
  4 spectral weapons
  3 starspawn tentacles (Abyss:2)
261 creatures vanquished.

Grand Total: 3173 creatures vanquished

Notes
Turn   | Place    | Note
-------+----------+-------------------------------------------
     0 | D:1      | Iwannabefree the Naga Artificer began the quest for the Orb.
     0 | D:1      | Reached XP level 1. HP: 18/18 MP: 3/3
    15 | D:1      | HP: 3/18 [leopard gecko (4)]
    18 | D:1      | HP: 1/18 [leopard gecko (2)]
   410 | D:1      | Reached XP level 2. HP: 18/25 MP: 4/4
  1325 | D:2      | Reached XP level 3. HP: 21/31 MP: 6/6
  1372 | D:2      | Found a basalt altar of Yredelemnul.
  1372 | D:2      | Found a shattered altar of Ashenzari.
  1373 | D:2      | Found an ornate altar of the Wu Jian Council.
  1380 | D:2      | Became a worshipper of Yredelemnul the Dark
  1392 | D:2      | Found a hazy altar of Hepliaklqana.
  1434 | D:2      | Found a sparkling altar of Nemelex Xobeh.
  1436 | D:2      | Found a bloodstained altar of Trog.
  1437 | D:2      | Found a hide-covered altar of Uskayaw.
  1835 | D:2      | Noticed Jessica
  1845 | D:2      | Killed Jessica
  1845 | D:2      | Reached skill level 2 in Fighting
  1845 | D:2      | Reached XP level 4. HP: 18/39 MP: 7/7
  2035 | D:3      | Noticed Ijyb
  2079 | D:3      | Killed Ijyb
  2175 | D:3      | HP: 6/40 [orc/war axe (5)]
  2374 | D:3      | Reached XP level 5. HP: 14/46 MP: 7/8
  2739 | D:3      | Reached * piety under Yredelemnul
  2804 | D:3      | Reached skill level 5 in Evocations
  2816 | D:3      | Reached skill level 3 in Fighting
  2995 | D:3      | Found a radiant altar of Vehumet.
  3065 | D:3      | Reached skill level 1 in Maces & Flails
  3321 | D:4      | Found a blossoming altar of Fedhas.
  3332 | D:4      | Found a stormy altar of Qazlal.
  3349 | D:4      | Reached XP level 6. HP: 49/57 MP: 9/9
  3455 | D:4      | Noticed an orc warrior
  3533 | D:4      | Found a sand-covered staircase.
  3584 | Ossuary  | Entered an ossuary
  3787 | Ossuary  | Reached ** piety under Yredelemnul
  3822 | Ossuary  | Reached skill level 4 in Fighting
  4658 | D:4      | Learned a level 2 spell: Blink
  4662 | D:4      | Learned a level 3 spell: Conjure Flame
  4664 | D:4      | Found a snail-covered altar of Cheibriados.
  4750 | D:4      | Reached XP level 7. HP: 55/64 MP: 10/10
  5011 | D:4      | Reached *** piety under Yredelemnul
  5055 | D:4      | Found a burning altar of Makhleb.
  5130 | D:4      | Noticed Edmund
  5141 | D:4      | Killed Edmund
  5141 | D:4      | Reached skill level 5 in Maces & Flails
  5247 | D:4      | Found a sparkling altar of Nemelex Xobeh.
  5438 | D:5      | Entered Level 5 of the Dungeon
  5565 | D:5      | Reached XP level 8. HP: 72/72 MP: 11/11
  6020 | D:5      | Received a gift from Yredelemnul (a mummy)
  6393 | D:6      | Found Raisogga's Gadget Shop.
  6562 | D:6      | Reached XP level 9. HP: 49/78 MP: 12/12
  6894 | D:7      | Reached skill level 1 in Invocations
  6921 | D:7      | Found a shadowy altar of Dithmenos.
  7321 | D:7      | Found a staircase to the Ecumenical Temple.
  7954 | D:8      | Reached **** piety under Yredelemnul
  7984 | D:8      | HP: 15/78 [gnoll sergeant/spear (6)]
  7992 | D:8      | Reached skill level 10 in Maces & Flails
  8357 | D:8      | Reached skill level 5 in Invocations
  8418 | D:8      | Noticed a two-headed ogre
  8422 | D:8      | Killed a two-headed ogre
  8422 | D:8      | Reached XP level 10. HP: 85/85 MP: 14/14
  8431 | D:8      | Found a shattered altar of Ashenzari.
  8503 | D:8      | Received a gift from Yredelemnul (2 flying skulls)
  9482 | D:9      | Received a gift from Yredelemnul (a mummy)
  9602 | D:9      | Reached skill level 1 in Armour
  9776 | D:9      | Reached skill level 5 in Fighting
  9889 | D:8      | Noticed a rust devil
  9889 | D:8      | Noticed a rust devil
  9897 | D:8      | Killed a rust devil
  9901 | D:8      | Killed a rust devil
 10347 | D:9      | Noticed a two-headed ogre
 10347 | D:9      | Noticed an ogre mage
 10348 | D:9      | Noticed a red ugly thing
 10349 | D:9      | Noticed a catoblepas
 10368 | D:9      | Noticed a cyclops
 10444 | D:10     | Entered Level 10 of the Dungeon
 10586 | D:10     | Reached skill level 6 in Fighting
 10586 | D:10     | Received a gift from Yredelemnul (a wight)
 10620 | D:10     | Noticed Harold
 10622 | D:10     | Reached XP level 11. HP: 97/97 MP: 16/16
 10640 | D:10     | Killed Harold
 10934 | D:10     | Received a gift from Yredelemnul (2 flying skulls)
 11032 | D:10     | Found a staircase to the Lair.
 11322 | D:10     | Learned a level 1 spell: Apportation
 11328 | D:10     | Learned a level 4 spell: Force Lance
 11536 | D:11     | Found a staircase to the Orcish Mines.
 11583 | D:11     | Received a gift from Yredelemnul (3 flying skulls)
 11588 | D:11     | Reached ***** piety under Yredelemnul
 11605 | D:11     | Reached skill level 1 in Conjurations
 11605 | D:11     | Reached skill level 1 in Translocations
 11610 | D:11     | Received a gift from Yredelemnul (a wight)
 11675 | D:11     | Reached skill level 7 in Fighting
 11735 | D:11     | Got a wavering amber ring
 11739 | D:11     | Identified the ring "Nidalun" {Fire Int+2} (You found it on level 11 of the Dungeon)
 11787 | D:11     | Reached skill level 1 in Spellcasting
 12401 | D:11     | Noticed an unseen horror
 12416 | D:11     | Noticed a manticore
 12430 | D:11     | Killed a manticore
 12443 | D:11     | Killed an unseen horror
 12443 | D:11     | Received a gift from Yredelemnul (a vampire)
 12644 | D:11     | Noticed a green ugly thing
 12650 | D:11     | Killed a green ugly thing
 12745 | D:12     | HP: 12/99 [large slime creature (10)]
 12747 | D:12     | NormalPerson7: drain life
 12747 | D:12     | NormalPerson7: you gotta train invo...
 12748 | D:12     | NormalPerson7: ah ok
 12748 | D:12     | NormalPerson7: 57% to die here basically
 12748 | D:12     | NormalPerson7: fear?
 12750 | D:12     | Iwannabefree: i think they are immune to it
 12753 | D:12     | Reached skill level 5 in Armour
 12755 | D:12     | NormalPerson7: they definitely aren't
 12775 | D:11     | NormalPerson7: ??fear
 12775 | D:11     | beem: fear[1/1]: Status that stops you from moving towards a monster or going berserk. The opposite of mesmerise. For the spell or scroll see {scroll of fear}.
 12776 | D:11     | NormalPerson7: ??scroll of fear
 12852 | D:11     | beem: scroll of fear[1/5]: Scares monsters away from your current position, with a chance to save based on MR. Only affects living, non-berserk monsters. They can still use ranged attack while fleeing. Also a level 4 hexes spell "Cause Fear" with similar effect (same as the scroll at 134 power and above).
 12913 | D:12     | NormalPerson7: affects all living, non-zerk enemies
 12913 | D:12     | NormalPerson7: slimes are living
 13005 | D:12     | Noticed a seven-headed hydra
 13013 | D:12     | Killed a seven-headed hydra
 13021 | D:12     | Found a stormy altar of Qazlal.
 13030 | D:12     | NormalPerson7: heyo btw
 13031 | D:12     | Iwannabefree: sup
 13041 | D:12     | Noticed a brown ugly thing
 13057 | D:12     | Killed a brown ugly thing
 13057 | D:12     | Reached XP level 12. HP: 89/109 MP: 17/17
 13953 | Lair:1   | Entered Level 1 of the Lair of Beasts
 14115 | Lair:1   | Found a frozen archway.
 14173 | IceCv    | Entered an ice cave
 14218 | IceCv    | HP: 12/109 [yak (12)]
 14927 | IceCv    | Received a gift from Yredelemnul (4 flying skulls)
 15785 | IceCv    | Reached skill level 8 in Fighting
 16408 | IceCv    | Noticed a death yak
 16408 | IceCv    | Noticed a frost giant
 16423 | IceCv    | Killed a death yak
 16424 | IceCv    | Received a gift from Yredelemnul (a vampire)
 16424 | IceCv    | Killed a frost giant
 16424 | IceCv    | Gained mutation: You can use your snake-like lower body to constrict enemies. [Naga growth]
 16424 | IceCv    | Reached XP level 13. HP: 88/118 MP: 12/19
 16736 | Lair:1   | Noticed anet's ghost (journeyman DEWz)
 16750 | Lair:1   | Killed anet's ghost
 17260 | Lair:2   | Noticed Sonja
 17263 | Lair:2   | Reached skill level 5 in Conjurations
 17275 | Lair:2   | Killed Sonja
 17282 | Lair:2   | jacquesderrida: P R E S T O M
 17344 | Lair:2   | Iwannabefree: nice vault
 17435 | Lair:2   | jacquesderrida: Веня довай пирсир заибал
 17463 | Lair:2   | Reached skill level 9 in Fighting
 17464 | Lair:2   | jacquesderrida: Я хочу в томе немного сыграть
 17578 | Lair:2   | jacquesderrida: ХЕХЕ
 17637 | Lair:2   | jacquesderrida: Вчера проебался
 17639 | Lair:2   | Iwannabefree: net ego
 17695 | Lair:2   | jacquesderrida: ЕСТЬ
 17815 | Lair:2   | Iwannabefree: gde...
 17889 | Lair:2   | jacquesderrida: Ну вот же!
 17889 | Lair:2   | jacquesderrida: ПРямо там!
 17897 | Lair:2   | Learned a level 3 spell: Recall
 17911 | Lair:2   | jacquesderrida: https://te4.org/characters/209535/tome/6ff496e9-20d0-4934-95fc-4c3486cd2d1c
 17939 | Lair:2   | jacquesderrida: >deaths: 4
 17945 | Lair:2   | jacquesderrida: Пизда блядь
 17959 | Lair:2   | Received a gift from Yredelemnul (a skeletal warrior)
 17968 | Lair:2   | jacquesderrida: Мамку ебал дебича, который дизайнил рандомные энкаунтеры в землях орков
 17971 | Lair:2   | Found a staircase to the Swamp.
 18104 | Lair:2   | Iwannabefree: skeleton
 18104 | Lair:2   | Iwannabefree: fu
 18104 | Lair:2   | jacquesderrida: СЦУК ЕБИКИ
 18104 | Lair:2   | Iwannabefree: tolko elfi
 18106 | Lair:3   | jacquesderrida: Че
 18147 | Lair:3   | Iwannabefree: ниче...
 18147 | Lair:3   | jacquesderrida: Ты ветку скелета видел?
 18147 | Lair:3   | Iwannabefree: говна кусок!
 18147 | Lair:3   | jacquesderrida: Это же пиздамбо
 18147 | Lair:3   | Iwannabefree: не няшно...
 18147 | Lair:3   | jacquesderrida: +17 силы-ловкости
 18147 | Lair:3   | Iwannabefree: я представляю себя няшной эльфийской девочькой когда играю
 18174 | Lair:3   | jacquesderrida: Щит на 10 ходов на 800 уроня
 18194 | Lair:3   | Iwannabefree: а со скелетом чо
 18194 | Lair:3   | jacquesderrida: ЛЕчилка на 500 хп
 18217 | Lair:3   | jacquesderrida: Дополнительная жизнь на 5 уровне лечилки
 18283 | Lair:3   | Iwannabefree: infuzii
 18319 | Lair:3   | jacquesderrida: -41% длительности В С Е Х статусов
 18393 | Lair:3   | jacquesderrida: Нахуй инфузии?
 18430 | Lair:3   | jacquesderrida: Если руны есть
 18487 | Lair:3   | jacquesderrida: ЛЕчилка встроенная
 18543 | Lair:3   | Received a gift from Yredelemnul (a phantasmal warrior)
 18671 | Lair:3   | jacquesderrida: физ-ментал эффекты тоже рунами лечатся
 18996 | Lair:4   | Iwannabefree: фу
 18996 | Lair:4   | Iwannabefree: так ты минмаксер...
 18996 | Lair:4   | Iwannabefree: ясн....
 18997 | Lair:4   | jacquesderrida: Бесплатные 34 стата позволили консту до 60 поднять к 28 уровню...
 19002 | Lair:4   | jacquesderrida: ЛАЛ
 19009 | Lair:4   | jacquesderrida: А че там еще делать
 19048 | Lair:4   | jacquesderrida: Тем более на найтмаре
 19048 | Lair:4   | Iwannabefree: чот такое говно форсланс слушай
 19048 | Lair:4   | Iwannabefree: помню 140 хп с одного от лича влетело
 19048 | Lair:4   | Iwannabefree: а тут вообще ничего
 19051 | Lair:4   | jacquesderrida: писка его еби веня
 19052 | Lair:4   | jacquesderrida: ЧЕ
 19052 | Lair:4   | jacquesderrida: КАКОЙ ЛАНС
 19054 | Lair:4   | jacquesderrida: ЛКС??
 19072 | Lair:4   | jacquesderrida: :THINKING
 19077 | Lair:4   | Found a dark tunnel.
 19079 | Lair:4   | jacquesderrida: :THINKING:
 19086 | Volcano  | Entered a volcano
 19141 | Volcano  | Iwannabefree: FORCE
 19141 | Volcano  | Iwannabefree: LANCE
 19141 | Volcano  | jacquesderrida: Может солнечным волшебником сыграть
 19141 | Volcano  | Iwannabefree: U FAGGOT
 19145 | Volcano  | Reached skill level 10 in Invocations
 19147 | Volcano  | Iwannabefree: мне рогер понравилса
 19147 | Volcano  | jacquesderrida: Там вродь динамика двух видов маны была интересная
 19147 | Volcano  | Iwannabefree: правда он как-то сосал на боссфайтах
 19160 | Volcano  | jacquesderrida: Схуяль?
 19162 | Volcano  | Iwannabefree: а хз
 19162 | Volcano  | jacquesderrida: Удар по яйцам замаксил?
 19162 | Volcano  | Iwannabefree: я дошел до ластбосса
 19162 | Volcano  | Iwannabefree: и соснул 9 раз
 19162 | Volcano  | Iwannabefree: или сколько там жизней дается
 19166 | Volcano  | jacquesderrida: Хуясе
 19170 | Volcano  | jacquesderrida: Чем странно
 19188 | Volcano  | jacquesderrida: Там же такие мякотные абилки на СТАН
 19188 | Volcano  | Found a bloodstained altar of Trog.
 19191 | Volcano  | jacquesderrida: и бонусы к резанию монстров в СТАНЕ
 19202 | Volcano  | jacquesderrida: Если не сработало -- телепорт или стелс...
 19249 | Volcano  | Noticed a red draconian
 19254 | Volcano  | Killed a red draconian
 19257 | Volcano  | Iwannabefree: да их двое
 19257 | Volcano  | Iwannabefree: тип одного застанил
 19257 | Volcano  | Iwannabefree: не хватило бурста чтобы убить
 19257 | Volcano  | Iwannabefree: второй отпинал
 19277 | Volcano  | ReniFell: volcanic man
 19280 | Lair:4   | Noticed Josephine
 19281 | Lair:4   | Iwannabefree: wh00ps
 19281 | Lair:4   | jacquesderrida: Я не помню тактику
 19285 | Lair:4   | jacquesderrida: Но там, вродь, есть шанс сначала ебнуть одного
 19291 | Lair:4   | jacquesderrida: И только потом второго
 19294 | Lair:4   | jacquesderrida: Я как-то шедоублейдом на последней жизни прошел, думал еще, что просто слишком
 19294 | Lair:4   | Killed Josephine
 19297 | Lair:4   | Received a gift from Yredelemnul (a flayed ghost)
 19299 | Lair:4   | ReniFell: Ебать русских седня
 19307 | Lair:4   | ReniFell: Зашел к рандомному челику, а там слав
 19310 | Lair:4   | jacquesderrida: Надо не только сегодня
 19315 | Lair:4   | jacquesderrida: Хехе
 19334 | Lair:4   | Found a labyrinth entrance.
 19343 | Lab      | Entered a labyrinth
 19501 | Lab      | Noticed Potsanchik's ghost (journeyman KoAM)
 19501 | Lab      | Iwannabefree: che tak mnogo ee
 19501 | Lab      | jacquesderrida: Как назвать волшебную божественную эльфиечку?
 19501 | Lab      | jacquesderrida: Назовем ее Вл. Соловьев
 19501 | Lab      | ReniFell: wluxa
 19517 | Lab      | jacquesderrida: che christian mysticism pasany
 19611 | Lab      | jacquesderrida: Ебать там у эльфов абилка -- беслатные +15% глобал спида на 15 ходов
 19611 | Lab      | jacquesderrida: Пездец
 19615 | Lab      | jacquesderrida: Мдемс
 19619 | Lab      | ReniFell: Это у меня знакомая с ролевых, у которой мейн ник был влукса
 19635 | Lab      | Iwannabefree: еще ульта
 19660 | Lab      | Iwannabefree: которая дебафы снимает
 19666 | Lab      | jacquesderrida: Звучит как анекдот
 19681 | Lab      | jacquesderrida: С башорга
 19715 | Lab      | jacquesderrida: влукса-шлюха ахахахаха а она и ни знала орррррр )))
 19716 | Lab      | jacquesderrida: :thinking:
 19716 | Lab      | ReniFell: Так нет, она знала
 19716 | Lab      | ReniFell: В этом и прикол
 19716 | Lab      | jacquesderrida: Найс
 19716 | Lab      | ReniFell: Это я не знал
 19716 | Lab      | Iwannabefree: чот дизинтегры кончилис
 19720 | Lab      | jacquesderrida: Где
 19722 | Lab      | ReniFell: >>>>>>>>>>tengu
 19724 | Lab      | jacquesderrida: Ебать, музон в томе эпический
 19726 | Lab      | jacquesderrida: Полегче сосоны
 19732 | Lab      | jacquesderrida: Эмбиента плс
 19808 | Lab      | ReniFell: Ебать ты лох, иван
 19813 | Lab      | ReniFell: Я бы с первого раза запрыгнул
 19876 | Lab      | Iwannabefree: ti bi huitsa sosnul
 19887 | Lab      | ReniFell: :D
 19904 | Lab      | Iwannabefree: vile clutch bi
 19904 | Lab      | Iwannabefree: no tam necro+earth
 19904 | Lab      | Iwannabefree: usless shit
 19907 | Lab      | Noticed a minotaur
 19914 | Lab      | Killed a minotaur
 19914 | Lab      | Reached skill level 15 in Maces & Flails
 19914 | Lab      | Reached XP level 14. HP: 81/129 MP: 21/21
 19916 | Lab      | Got a transparent tin ring
 19923 | Lab      | Identified the ring "Votyf" {rF+ rC++ rN+ Int+5 Stlth+} (You took it off a minotaur in a labyrinth)
 19924 | Lab      | ReniFell: W O W
 19924 | Lab      | ReniFell: WHAT
 19924 | Lab      | jacquesderrida: Бля, хенирени, когда инфаркт?
 19924 | Lab      | ReniFell: THE
 19924 | Lab      | ReniFell: FUCK
 19924 | Lab      | Iwannabefree: boner pls
 19924 | Lab      | jacquesderrida: Хуль ты не спишь
 19929 | Lab      | jacquesderrida: Моторчик откажет...
 19930 | Lab      | ReniFell: Это одно из лучших рандарт колец, что я видел
 19930 | Lab      | Got a vibrating turquoise ring
 19931 | Lab      | Iwannabefree: barding...............
 19931 | Lab      | Iwannabefree: ohboi
 19936 | Lab      | jacquesderrida: Покежь кольцо плс
 19936 | Lab      | ReniFell: Жак, ебать, пять часов дня, какой спать
 19936 | Lab      | Identified the ring of Xiuc Vuw {rPois rC+ MR+ Int+3} (You found it in a labyrinth)
 19937 | Lab      | Iwannabefree: ;D
 19939 | Lab      | ReniFell: Ну это такое себе
 19940 | Lab      | ReniFell: Не топ
 19940 | Lab      | jacquesderrida: Да ты в 7 утра был тут
 19940 | Lab      | ReniFell: До 9
 19964 | Lab      | ReniFell: Потом прогуляться вышел
 19964 | Lab      | jacquesderrida: ВЕНЯ ПОКАКОЙ ПЛС
 19964 | Lab      | jacquesderrida: #
 19964 | Lab      | ReniFell: Потом поспал ровно полтора часа, потом пошел к другу, выпили пива, щас пришел домой
 19964 | Lab      | jacquesderrida: СПС
 19964 | Lab      | Iwannabefree: RC++++
 19965 | Lab      | ReniFell: ++++++++++++++++
 19974 | Lair:4   | jacquesderrida: Опасно живешь
 19976 | Lair:4   | jacquesderrida: on the edge
 19976 | Lair:4   | ReniFell: Ебт
 20078 | Lair:4   | Found a basalt altar of Yredelemnul.
 20080 | Lair:4   | Found a staircase to the Snake Pit.
 20122 | Lair:4   | Gained mutation: You are clumsy. (Dex -2) [potion of mutation]
 20122 | Lair:4   | Gained mutation: Your tail ends in a poisonous barb. [potion of mutation]
 20123 | Lair:4   | ReniFell: Не, если б не мр, второе колтцо дропнуть можно
 20123 | Lair:4   | ReniFell: Но первое - просто вах
 20258 | Lair:4   | jacquesderrida: Да не
 20259 | Lair:4   | Received a gift from Yredelemnul (a skeletal warrior)
 20263 | Lair:4   | jacquesderrida: Не супир...
 20271 | Lair:4   | Noticed an entropy weaver
 20296 | Lair:4   | jacquesderrida: Были ведь и омнирезист кольца с +АС
 20297 | Lair:4   | ReniFell: Да ты зажрался
 20305 | Lair:4   | jacquesderrida: Вот там да
 20308 | Lair:4   | Killed an entropy weaver
 20314 | Lair:4   | Received a gift from Yredelemnul (a skeletal warrior)
 20325 | Lair:4   | Noticed an entropy weaver
 20330 | Lair:4   | ReniFell: Как будто каждый день видишь кольцо с 4 резистами, интой+5 и стелсом на наге
 20331 | Lair:4   | Killed an entropy weaver
 20332 | Lair:4   | jacquesderrida: Ну, не супер -- так заебись
 20332 | Lair:4   | jacquesderrida: И веня слил его
 20332 | Lair:4   | jacquesderrida: Мде
 20332 | Lair:4   | jacquesderrida: Класека
 20336 | Lair:4   | ReniFell: welp
 20388 | Lair:4   | Noticed Urug
 20392 | Lair:4   | ReniFell: urk
 20392 | Lair:4   | ReniFell: ukr
 20392 | Lair:4   | Iwannabefree: na pulemeti natooo!!
 20393 | Lair:4   | jacquesderrida: Орнул чет с инстахила до 100%
 20400 | Lair:4   | Killed Urug
 20438 | Lair:4   | Received a gift from Yredelemnul (a vampire)
 20442 | Lair:4   | ReniFell: Да уред какой-то лютый
 20669 | Lair:4   | ReniFell: Раньше лайф дрейн столько не хилил
 20669 | Lair:4   | Iwannabefree: da eto tak
 20669 | Lair:4   | Iwannabefree: pss
 20669 | Lair:4   | Iwannabefree: eto bag
 20669 | Lair:4   | jacquesderrida: da eto tak
 20669 | Lair:4   | Iwannabefree: tolko tiho
 20702 | Lair:5   | ReniFell: Ну ок
 20714 | Lair:5   | Iwannabefree: типа у дрейн лайфа есть кап хп
 20714 | Lair:5   | Iwannabefree: инво*2
 20714 | Lair:5   | Iwannabefree: а тут его нет
 20714 | Lair:5   | Iwannabefree: ))
 20767 | Lair:5   | ReniFell: Пизда
 20808 | Lair:5   | Found a runed door.
 20810 | Lair:5   | Found a viscous altar of Jiyva.
 20810 | Lair:5   | Found a staircase to the Slime Pits.
 20817 | Lair:5   | ReniFell: Найс формулы у пацанов
 20866 | Lair:5   | ReniFell: у вас формулу видно вкурсе
 21360 | Lair:6   | Entered Level 6 of the Lair of Beasts
 21369 | Lair:6   | Iwannabefree: бодигард жак
 21369 | Lair:6   | Iwannabefree: скелетик...
 21603 | Lair:6   | Reached skill level 10 in Fighting
 21727 | Lair:6   | ReniFell: Ебать вандов
 21727 | Lair:6   | ReniFell: Нахуя
 21729 | Lair:6   | ReniFell: >>>>>>>>>>>iceblast (1)
 21729 | Lair:6   | Iwannabefree: nu tip
 21729 | Lair:6   | ReniFell: Бля, второй раз эту хуйню вижу за два дня
 21729 | Lair:6   | Iwannabefree: ya ARTIFICIER
 21809 | Lair:6   | Received a gift from Yredelemnul (a bone dragon)
 21810 | Lair:6   | Iwannabefree: boner
 21965 | Lair:6   | jacquesderrida: Бля чет божественного колдуна хуй проссышь.
 21969 | Lair:6   | Reached ****** piety under Yredelemnul
 22045 | Lair:6   | jacquesderrida: То ли там несколько вариантов развития, то ли надо один динамичный механизм делать сука бля
 22056 | Lair:6   | Found a burning altar of Makhleb.
 22068 | Lair:6   | Received a gift from Yredelemnul (a phantasmal warrior)
 22081 | Lair:6   | ReniFell: ебал сук бля нах
 22093 | Lair:6   | jacquesderrida: https://te4.org/wiki/Anorithil
 22094 | Lair:6   | jacquesderrida: Pizdambo
 22263 | Lair:6   | Found a gateway to Hell.
 22272 | Lair:6   | jacquesderrida: НЕБИР
 22272 | Lair:6   | Iwannabefree: >>>>>>>>>>>>>>>>>>>>>>>>wand
 22272 | Lair:6   | jacquesderrida: ЧЕ ТУТ
 22442 | Lair:6   | jacquesderrida: >ARTIFICER
 22553 | Lair:6   | jacquesderrida: >WAND
 22569 | Lair:6   | jacquesderrida: NARM
 22689 | D:10     | Iwannabefree: sps
 22793 | D:13     | jacquesderrida: Moe uvozhenie
 22793 | D:13     | Iwannabefree: че там
 22793 | D:13     | jacquesderrida: CHE
 22793 | D:13     | Iwannabefree: ермак вроде саммон форестом чето нитересное делал
 22793 | D:13     | jacquesderrida: Da
 22793 | D:13     | ReniFell: welp u can count a wand as an artifact for sure
 22793 | D:13     | Iwannabefree: no ya dunno
 22793 | D:13     | Iwannabefree: 5 lvl spell
 22865 | D:13     | ReniFell: Да суман форист для дрочеров
 22979 | D:13     | ReniFell: Призывает сприганочек
 22985 | D:13     | ReniFell: Дрочишь
 22989 | D:13     | Received a gift from Yredelemnul (a skeletal warrior)
 23144 | D:13     | Received a gift from Yredelemnul (a skeletal warrior)
 23221 | D:13     | HP: 22/133 [centaur/arrow[a centaur warrior] (12)]
 23223 | D:13     | Iwannabefree: tiha!
 23224 | D:13     | ReniFell: Ты че ебнулся
 23225 | D:13     | Reached skill level 1 in Shields
 23227 | D:13     | Iwannabefree: nout podlagivaet
 23229 | D:13     | ReniFell: Аккуратнее, мог ебалтник прокакать
 23305 | D:13     | ReniFell: За турн
 23412 | D:13     | ReniFell: Но баги сейвят
 23614 | D:14     | Found an iron altar of Okawaru.
 23650 | D:14     | Reached XP level 15. HP: 65/140 MP: 22/22
 23651 | D:14     | Iwannabefree: barely miss
 23651 | D:14     | Iwannabefree: closely miss
 23760 | D:14     | Found a gate to the Vaults.
 23986 | D:14     | Reached skill level 11 in Fighting
 24016 | D:14     | Iwannabefree: нага с двуручем
 24016 | D:14     | Iwannabefree: это больно
 24474 | D:15     | Entered Level 15 of the Dungeon
 24475 | D:15     | Iwannabefree: sh nada...
 24475 | D:15     | Iwannabefree: raz ev net
 24522 | D:15     | Found Ginetuebb's Book Shoppe.
 24664 | D:15     | Iwannabefree: rc
 24664 | D:15     | Iwannabefree: +++++++++=
 24750 | D:15     | Received a gift from Yredelemnul (a skeletal warrior)
 24757 | D:15     | ReniFell: Это дает простор для шмотченджинга
 25392 | D:15     | Found a staircase to the Depths.
 25481 | D:10     | ReniFell: Но я бы все-таки с более мощной пушкой ходил
 25494 | D:9      | Iwannabefree: kakoy
 25536 | D:9      | ReniFell: Я про грейт флейл
 25543 | D:9      | Iwannabefree: a
 25543 | D:9      | Iwannabefree: да ну его
 25543 | D:9      | Iwannabefree: с одной стороны больше дамаги
 25543 | D:9      | Iwannabefree: и попадаешь чаще за счет констрикта
 25543 | D:9      | Iwannabefree: с другой по тебе как по мишени ебашут
 25560 | D:9      | ReniFell: Дрейн лайф + саммоны, особо можно не париться
 25683 | Orc:1    | Entered Level 1 of the Orcish Mines
 25697 | Orc:1    | Noticed an orc warlord
 25706 | Orc:1    | Killed an orc warlord
 25853 | Orc:1    | Found a bloodstained altar of Trog.
 26275 | Orc:2    | Entered Level 2 of the Orcish Mines
 26408 | Orc:2    | Received a gift from Yredelemnul (a skeletal warrior)
 26522 | Orc:2    | Received a gift from Yredelemnul (a flayed ghost)
 26524 | Orc:2    | Noticed Nessos
 26527 | Orc:2    | ReniFell: wow nasas
 26534 | Orc:2    | Killed Nessos
 26550 | Orc:2    | Iwannabefree: вот бы року
 26550 | Orc:2    | ReniFell: flayed ghost eemba
 26562 | Orc:2    | Iwannabefree: ili nerrgal
 26610 | Orc:2    | ReniFell: saint kok!!!
 26626 | Orc:2    | Received a gift from Yredelemnul (a skeletal warrior)
 26755 | Orc:2    | ReniFell: Ну тут еще 2 уника где-то прячутся, по идее
 26875 | Orc:2    | ReniFell: Если насос есть
 26896 | Orc:2    | Found a roughly hewn altar of Beogh.
 27052 | Orc:2    | Found Gauc's Armour Boutique.
 27060 | Orc:2    | Iwannabefree: shriek
 27060 | Orc:2    | ReniFell: rcorr
 27066 | Orc:2    | Found Wazat's Antique Weapon Shop.
 27097 | Orc:2    | Received a gift from Yredelemnul (a vampire knight)
 27534 | Orc:2    | Found a staircase to the Elven Halls.
 27637 | Orc:2    | Received a gift from Yredelemnul (a phantasmal warrior)
 27653 | Orc:2    | ReniFell: Вот этот орковский волт реально похож на какой-то орочий город
 27653 | Orc:2    | Received a gift from Yredelemnul (a vampire knight)
 27656 | Orc:2    | ReniFell: Прям флейвор
 27679 | Orc:2    | Found a roughly hewn altar of Beogh.
 27679 | Orc:2    | Noticed an orc warlord
 27688 | Orc:2    | Killed an orc warlord
 27688 | Orc:2    | Reached skill level 12 in Fighting
 27689 | Orc:2    | ReniFell: warlart
 27698 | Orc:2    | Iwannabefree: штурмуем зимний!
 27698 | Orc:2    | Iwannabefree: за коммунизм!
 27698 | Orc:2    | ReniFell: da
 27704 | Orc:2    | Iwannabefree: царя в петлю!
 27733 | Orc:2    | Found Hujirph's Food Shoppe.
 27775 | Orc:2    | ReniFell: kommunists=tolpa zombakov
 27775 | Orc:2    | Received a gift from Yredelemnul (a profane servitor)
 27780 | Orc:2    | Reached skill level 5 in Shields
 27817 | Orc:2    | Found Vaoz's Armour Shop.
 27848 | Orc:2    | Iwannabefree: все кто ослеплен идеологией ето зомбаки
 27958 | Orc:2    | Iwannabefree: nihuia
 27958 | Orc:2    | Iwannabefree: net
 27958 | Orc:2    | ReniFell: stranno, a gde uniqs
 27969 | Orc:2    | Bought the +6 scale mail of the Shrike {rPois rCorr SInv} for 715 gold pieces
 28225 | Swamp:1  | Entered Level 1 of the Swamp
 28302 | Swamp:1  | Noticed Donald
 28304 | Swamp:1  | Iwannabefree: vo!
 28304 | Swamp:1  | Iwannabefree: ebat!
 28304 | Swamp:1  | Iwannabefree: nais dodlern
 28304 | Swamp:1  | Iwannabefree: i puha i shield
 28315 | Swamp:1  | Killed Donald
 28367 | Swamp:1  | ReniFell: darnald
 28374 | Swamp:1  | Iwannabefree: brand bi
 28429 | Swamp:1  | Noticed a thorn hunter
 28447 | Swamp:1  | Killed a thorn hunter
 28811 | Swamp:1  | Received a gift from Yredelemnul (a vampire)
 28926 | Swamp:1  | Reached XP level 16. HP: 89/152 MP: 7/23
 28929 | Swamp:1  | Received a gift from Yredelemnul (a ghoul)
 29238 | Swamp:2  | Iwannabefree: nu blya
 29268 | Swamp:2  | Noticed Nikola
 29286 | Swamp:2  | Killed Nikola
 29612 | Swamp:2  | Identified the Incunabulum of Earthen Unholy Rites
 29870 | Swamp:3  | Killed Louise
 29885 | Swamp:3  | Received a gift from Yredelemnul (a vampire)
 29935 | Swamp:3  | Noticed a thorn hunter
 29951 | Swamp:3  | Killed a thorn hunter
 29951 | Swamp:3  | Reached skill level 10 in Armour
 29979 | Swamp:3  | Received a gift from Yredelemnul (a flayed ghost)
 29980 | Swamp:3  | Noticed Kirke
 29983 | Swamp:3  | Iwannabefree: 8 mani nada
 29983 | Swamp:3  | Iwannabefree: heh
 29999 | Swamp:3  | Killed Kirke
 29999 | Swamp:3  | Enslaved Kirke
 30406 | Swamp:3  | Received a gift from Yredelemnul (a bone dragon)
 30445 | Swamp:3  | Your ally Kirke died
 30684 | Swamp:3  | Reached skill level 13 in Fighting
 30757 | Swamp:3  | Noticed a thorn hunter
 30768 | Swamp:3  | Killed a thorn hunter
 30774 | Swamp:4  | Entered Level 4 of the Swamp
 31104 | Swamp:4  | Received a gift from Yredelemnul (a vampire knight)
 31308 | Swamp:4  | Received a gift from Yredelemnul (a flayed ghost)
 31311 | Swamp:4  | Noticed a bone dragon
 31327 | Swamp:4  | Killed a bone dragon
 31358 | Swamp:4  | Received a gift from Yredelemnul (a skeletal warrior)
 31490 | Swamp:4  | Got a decaying rune of Zot
 31871 | Swamp:4  | Received a gift from Yredelemnul (a profane servitor)
 32036 | Swamp:4  | ReniFell: ladna gl patom eshe zaidu
 32130 | Swamp:1  | Received a gift from Yredelemnul (a phantasmal warrior)
 32203 | Snake:1  | Entered Level 1 of the Snake Pit
 32203 | Snake:1  | Noticed Aizul
 32210 | Snake:1  | Killed Aizul
 32437 | Snake:1  | Noticed Agnes
 32451 | Snake:1  | Killed Agnes
 32477 | Snake:1  | Reached XP level 17. HP: 44/164 MP: 2/24
 32863 | Snake:1  | Received a gift from Yredelemnul (a phantasmal warrior)
 33351 | Snake:2  | Received a gift from Yredelemnul (a skeletal warrior)
 33779 | Snake:3  | Received a gift from Yredelemnul (a vampire knight)
 33802 | Snake:3  | Received a gift from Yredelemnul (a ghoul)
 33859 | Snake:3  | Found Jun Wepa's Jewellery Boutique.
 33860 | Snake:3  | Found Azatebeu's Gadget Emporium.
 33862 | Snake:3  | Found Fyeryfan's Jewellery Boutique.
 33916 | Snake:3  | Noticed Roxanne
 33926 | Snake:3  | Killed Roxanne
 33926 | Snake:3  | Reached skill level 14 in Fighting
 34364 | Snake:4  | Entered Level 4 of the Snake Pit
 34432 | Snake:4  | Received a gift from Yredelemnul (a flayed ghost)
 34753 | Snake:4  | Found an opulent altar of Gozag.
 34891 | Snake:4  | Cast into level 2 of the Abyss (salamander mystic)
 34926 | Abyss:2  | Iwannabefree: blyaaaaaaaaaaaaaaaaaaa
 35011 | Abyss:2  | HP: 32/166 [ettin zombie (15)]
 35048 | Abyss:2  | HP: 30/166 [wretched star/orb of energy (13)]
 35057 | Abyss:2  | Noticed a tentacled starspawn
 35674 | Abyss:2  | Received a gift from Yredelemnul (a flayed ghost)
 35693 | Abyss:2  | Noticed a tentacled starspawn
 35701 | Abyss:2  | Killed a tentacled starspawn
 35809 | Abyss:2  | Noticed a tentacled starspawn
 35817 | Abyss:2  | Killed a tentacled starspawn
 35819 | Snake:4  | Escaped the Abyss
 35841 | Snake:4  | Found Nahupev's Assorted Antiques.
 35971 | Snake:4  | Reached skill level 5 in Dodging
 35972 | Snake:4  | Received a gift from Yredelemnul (a flayed ghost)
 36008 | Snake:4  | Reached XP level 18. HP: 162/176 MP: 15/25
 36117 | Snake:4  | Got a serpentine rune of Zot
 36550 | Elf:1    | Entered Level 1 of the Elven Halls
 36715 | Elf:1    | Reached skill level 15 in Fighting
 36721 | Elf:1    | Identified the +2 leather armour of Fallacy {+Fly rPois SInv} (You found it on level 1 of the Elven Halls)
 36726 | Elf:1    | Received a gift from Yredelemnul (a vampire)
 36873 | Elf:1    | Received a gift from Yredelemnul (a flayed ghost)
 37068 | Elf:1    | Found Caxuss's Distillery.
 37071 | Elf:1    | Bought a potion of haste for 110 gold pieces
 37071 | Elf:1    | Bought a potion of curing for 33 gold pieces
 37071 | Elf:1    | Bought a potion of magic for 88 gold pieces
 37071 | Elf:1    | Bought a potion of curing for 33 gold pieces
 37071 | Elf:1    | Bought a potion of curing for 33 gold pieces
 37071 | Elf:1    | Bought a potion of mutation for 88 gold pieces
 37071 | Elf:1    | Bought a potion of magic for 88 gold pieces
 37071 | Elf:1    | Bought a potion of heal wounds for 55 gold pieces
 37071 | Elf:1    | Bought a potion of invisibility for 88 gold pieces
 37085 | Elf:1    | Identified the Papyrus of Companions
 37111 | Elf:1    | Learned a level 1 spell: Summon Butterflies
 37482 | Elf:2    | Found Yriron's Antique Armour Shop.
 37492 | Elf:2    | Iwannabefree: xD
 37492 | Elf:2    | Bought the +3 pair of gauntlets of War {Slay+5} for 1757 gold pieces
 37492 | Elf:2    | Found the +3 pair of gauntlets of War {Slay+5}
 37548 | Elf:2    | Reached skill level 16 in Fighting
 37548 | Elf:2    | Received a gift from Yredelemnul (a vampire knight)
 37557 | Elf:2    | Received a gift from Yredelemnul (a flayed ghost)
 37659 | Elf:2    | Found Dipsulitee's Assorted Antiques.
 37783 | Elf:2    | Found a runed gate.
 37783 | Elf:2    | Found a runed gate.
 37792 | Elf:2    | Found a runed gate.
 37999 | Elf:2    | Noticed a deep elf blademaster
 38008 | Elf:2    | Killed a deep elf blademaster
 38033 | Elf:2    | Received a gift from Yredelemnul (a vampire knight)
 38088 | Elf:2    | Received a gift from Yredelemnul (a skeletal warrior)
 38091 | Elf:2    | Reached skill level 17 in Fighting
 38347 | Elf:3    | Entered Level 3 of the Elven Halls
 38440 | Elf:3    | Found a flickering gateway to a bazaar.
 38446 | Bazaar   | Entered a bazaar
 38446 | Bazaar   | Found Ezacw's Armour Boutique.
 38446 | Bazaar   | Found Ydaqiar's Armour Shop.
 38446 | Bazaar   | Found Naluhy's Antique Weapon Shop.
 38461 | Bazaar   | Identified the +2 chain mail "Ecenos" {rF+ rN+} (You found it in a bazaar)
 38741 | Elf:3    | Reached XP level 19. HP: 193/193 MP: 26/26
 39082 | Elf:3    | Reached skill level 18 in Fighting
 39096 | Elf:3    | Received a gift from Yredelemnul (a vampire)
 39251 | Elf:3    | Received a gift from Yredelemnul (a bone dragon)
 39309 | Elf:3    | Identified the cursed +1 flail "Elilyumo" {crush, rElec rF+} (You took it off a deep elf demonologist on level 3 of the Elven Halls)
 39310 | Elf:3    | Identified the amulet "Wuirugil" {Regen+ Int+6 Dex+3} (You took it off a deep elf demonologist on level 3 of the Elven Halls)
 39381 | Elf:3    | jacquesderrida: Хенирени слился
 39381 | Elf:3    | jacquesderrida: рип
 39386 | Elf:3    | jacquesderrida: Бля, негромансер в томе это такой топчик
 39389 | Elf:3    | jacquesderrida: Уууууууух бля
 39389 | Elf:3    | Iwannabefree: da
 39389 | Elf:3    | Iwannabefree: mne tozhe zashlo
 39409 | Elf:3    | jacquesderrida: Когда-то играл, но без миньетчиков
 39409 | Elf:3    | Iwannabefree: lul
 39415 | Elf:3    | jacquesderrida: Сейчас попробовал с лучем и облаком, но и скелетронами
 39417 | Elf:3    | jacquesderrida: Гадната
 39417 | Elf:3    | Iwannabefree: выебать мог
 39417 | Elf:3    | jacquesderrida: лучом
 39417 | Elf:3    | Iwannabefree: я всех брал
 39417 | Elf:3    | jacquesderrida: Атрахал
 39417 | Elf:3    | Iwannabefree: через адвансд некроманси
 39417 | Elf:3    | Iwannabefree: личи так ебали
 39417 | Elf:3    | Iwannabefree: аще...
 39417 | Elf:3    | Iwannabefree: и бон гианты
 39417 | Elf:3    | jacquesderrida: Ща сам личом стану
 39417 | Elf:3    | Iwannabefree: самые топовые
 39449 | Elf:3    | jacquesderrida: Я уже не человек, я лич, нахуй
 39530 | Elf:3    | jacquesderrida: Надо загуглеть, как 7 уровень там получить
 39530 | Elf:3    | Identified the amulet "Puafujih" {Fragile +Fly Regen+ Str+2 Dex+4} (You took it off a deep elf blademaster on level 3 of the Elven Halls)
 39563 | Elf:3    | jacquesderrida: С категори поинтом получается всего 6.5 вроде
 39581 | Elf:3    | jacquesderrida: На 5 уровне
 39583 | Elf:3    | Iwannabefree: я 5 брал
 39583 | Elf:3    | Iwannabefree: и не выебывался
 39587 | Elf:3    | jacquesderrida: А не
 39601 | Elf:3    | jacquesderrida: 6.5 это уже по умолчанию
 39610 | Elf:3    | jacquesderrida: С 1.3
 39621 | Elf:3    | jacquesderrida: Ебанешь категорию, получишь 1.5
 39621 | Elf:3    | jacquesderrida: И будет 7
 39634 | Elf:3    | Identified Risyr's Guide on Envenoming
 39643 | Elf:3    | jacquesderrida: Ну там разница нехуевая
 39646 | Elf:3    | Learned a level 2 spell: Passwall
 39659 | Elf:3    | jacquesderrida: Вполне стоит одной категории проебанной
 39702 | Elf:3    | jacquesderrida: проебаной
 39712 | Elf:3    | Reached skill level 19 in Fighting
 39738 | Elf:3    | jacquesderrida: А не, проебанной
 39738 | Elf:3    | jacquesderrida: Все верно
 39738 | Elf:3    | Iwannabefree: да хуйня бесполезная
 39738 | Elf:3    | Iwannabefree: ветка дерьмо
 39738 | Elf:3    | Iwannabefree: немножко статов
 39738 | Elf:3    | Iwannabefree: некритично
 39738 | Elf:3    | Iwannabefree: лучше миньенсов вкачать
 39738 | Elf:3    | Iwannabefree: чтобы личи падали почаще
 39738 | Elf:3    | jacquesderrida: 12 статов, 60% шанс игнорить крити, 20 сейвов каждого вида
 39738 | Elf:3    | Iwannabefree: и сильные скелеты
 39738 | Elf:3    | jacquesderrida: Бля, самый топчик
 39738 | Elf:3    | jacquesderrida: РЕЗИСТ КАПЫ
 39738 | Elf:3    | jacquesderrida: +15%
 39738 | Elf:3    | Iwannabefree: ой деб
 39738 | Elf:3    | jacquesderrida: А не, это и 6 имеет
 39738 | Elf:3    | Iwannabefree: там личи за ход будут по три болта кидать
 39738 | Elf:3    | Iwannabefree: а он берет писечку статов
 39738 | Elf:3    | jacquesderrida: Ну так а хули
 39738 | Elf:3    | jacquesderrida: 1 категория в лича
 39738 | Elf:3    | jacquesderrida: 2 категория в минетчиков
 39738 | Elf:3    | jacquesderrida: Все равно скилл для призыва личей до 22 не открывается
 39738 | Elf:3    | jacquesderrida: Хотя для лича тоже 20 уровень ннада
 39738 | Elf:3    | jacquesderrida: Только я охуел, какой он бумажный
 39738 | Elf:3    | jacquesderrida: Всего один навык для выживача
 39738 | Elf:3    | jacquesderrida: Который дает в минус жизни уйти
 40054 | Vaults:1 | Entered Level 1 of the Vaults
 40175 | Vaults:1 | Found a ruined gateway.
 40207 | Vaults:1 | Found a glowing silver altar of Zin.
 40207 | Vaults:1 | Found a glowing golden altar of the Shining One.
 40207 | Vaults:1 | Found a white marble altar of Elyvilon.
 40214 | Desolati | Entered the Desolation of Salt
 40305 | Desolati | Received a gift from Yredelemnul (a vampire knight)
 40365 | Desolati | Got a scorched platinum ring
 40367 | Desolati | Identified the ring of Lady Luck {MP+9 SInv} (You found it in the Desolation of Salt)
 40371 | Desolati | Identified the Catalogue of Darkness and the Birds
 40381 | Desolati | Identified Lelaest's Volume of Destructive Cold
 40450 | Desolati | Received a gift from Yredelemnul (a vampire knight)
 40508 | Desolati | Identified the +3 pair of boots of Agnosticism {Str+7} (You found it in the Desolation of Salt)
 40520 | Desolati | Got a scorched platinum amulet
 40521 | Desolati | Identified the amulet of Fyigrot {Regen+ Int+2} (You found it in the Desolation of Salt)
 40524 | Desolati | Identified the +4 scale mail of a treasure trove {rN+ MR+} (You found it in the Desolation of Salt)
 40587 | Desolati | Received a gift from Yredelemnul (a flayed ghost)
 40761 | Desolati | Identified the +8 mace "Ysilafre" {freeze, rElec rPois MR+++ Stlth-} (You found it in the Desolation of Salt)
 40763 | Desolati | Identified the Papyrus of Stolen Souls and the Oath
 40771 | Desolati | Received a gift from Yredelemnul (a skeletal warrior)
 40772 | Desolati | Identified the Guide on the Sinister Birds
 40821 | Vaults:1 | Learned a level 4 spell: Airstrike
 40828 | Vaults:1 | Learned a level 6 spell: Deflect Missiles
 41002 | Vaults:1 | Reached skill level 1 in Charms
 41002 | Vaults:1 | Reached skill level 1 in Air Magic
 41063 | Vaults:1 | Reached XP level 20. HP: 208/208 MP: 27/27
 41129 | Vaults:1 | Received a gift from Yredelemnul (a vampire)
 41341 | Vaults:1 | Received a gift from Yredelemnul (a vampire knight)
 41611 | Vaults:1 | Found Barras's Gadget Shoppe.
 42001 | Vaults:2 | Reached skill level 5 in Charms
 42005 | Vaults:2 | Reached skill level 5 in Air Magic
 42071 | Vaults:2 | Received a gift from Yredelemnul (a flayed ghost)
 42183 | Vaults:2 | Noticed Boris
 42201 | Vaults:2 | Killed Boris
 42466 | Vaults:2 | Received a gift from Yredelemnul (a ghoul)
 42471 | Vaults:2 | Lost mutation: You are clumsy. (Dex -2) [potion of mutation]
 42471 | Vaults:2 | Lost mutation: Your tail ends in a poisonous barb. [potion of mutation]
 42471 | Vaults:2 | Gained mutation: Your flesh is heat resistant. (rF+) [potion of mutation]
 42471 | Vaults:2 | Gained mutation: Your magical capacity is low. (-10% MP) [potion of mutation]
 42471 | Vaults:2 | Gained mutation: You are partially covered in slimy green scales. (AC +2) [potion of mutation]
 42524 | Vaults:2 | Found a staircase to the Crypt.
 42969 | Vaults:2 | Reached XP level 21. HP: 142/216 MP: 25/25
 43162 | Vaults:2 | Reached skill level 10 in Air Magic
 43711 | Vaults:3 | Found a magical portal.
 43740 | Vaults:3 | Noticed Jory
 43764 | Vaults:3 | Killed Jory
 43783 | Vaults:3 | Received a gift from Yredelemnul (a flayed ghost)
 43856 | WizLab   | Entered The Chambers of the Cloud Mage
 44107 | WizLab   | HP: 31/216 [blizzard demon/bolt of lightning (16)]
 44529 | WizLab   | Found the +7 great mace "Undeadhunter" {disrupt, rN+}
 44537 | WizLab   | Identified the Incunabulum of the Birds
 44545 | WizLab   | Got a steaming golden ring
 44546 | WizLab   | Identified the ring "Sacuz" {Wiz rC+ rN+ Str+3} (You found it in a wizard's laboratory)
 44550 | WizLab   | Identified the cursed ring "Nygon" {MR+ Int-2} (You found it in a wizard's laboratory)
 44636 | WizLab   | Received a gift from Yredelemnul (a flayed ghost)
 44807 | Vaults:3 | theanonym: Давай в крипт
 44807 | Vaults:3 | Iwannabefree: aga
 44807 | Vaults:3 | Iwannabefree: 20 skilla
 44807 | Vaults:3 | Iwannabefree: ;(
 45147 | Vaults:3 | Received a gift from Yredelemnul (a flayed ghost)
 45307 | Vaults:3 | theanonym: 16 хватит
 45343 | Vaults:3 | theanonym: С экзеком на 20 нормально
 45385 | Vaults:3 | Received a gift from Yredelemnul (a vampire)
 46084 | Vaults:4 | Found a flickering gateway to a bazaar.
 46098 | Bazaar   | Entered a bazaar
 46101 | Bazaar   | Found Xaynuegg's Magic Scroll Boutique.
 46105 | Bazaar   | Found Ciudirec's Armour Boutique.
 46105 | Bazaar   | Found Joboucev's Armour Boutique.
 46106 | Bazaar   | Found Feinkesa's Antique Armour Boutique.
 46111 | Bazaar   | theanonym: !greatlairer
 46149 | Bazaar   | Bought a scroll of teleportation for 30 gold pieces
 46149 | Bazaar   | Bought a scroll of teleportation for 30 gold pieces
 46149 | Bazaar   | Bought a scroll of fear for 35 gold pieces
 46167 | Vaults:4 | Iwannabefree: brand weapon bi
 46229 | Vaults:4 | Iwannabefree: ivninga net
 46296 | Vaults:4 | Received a gift from Yredelemnul (a skeletal warrior)
 46409 | Vaults:4 | beem: 90s limit exceeded: killed !greatlairer
 46420 | Vaults:4 | Reached XP level 22. HP: 224/224 MP: 26/26
 46551 | Vaults:4 | Received a gift from Yredelemnul (a ghoul)
 46680 | Vaults:4 | theanonym: !greatlairer
 47009 | Vaults:4 | beem: Unlaired species for theanonym: Felid
 47009 | Vaults:4 | Iwannabefree: !greatlairer
 47077 | Crypt:1  | Entered Level 1 of the Crypt
 47093 | Crypt:1  | Identified the +1 robe of Luizxesa {rPois MR+} (You found it on level 1 of the Crypt)
 47099 | Crypt:1  | beem: Unlaired species for Iwannabefree: Barachi, Formicid, Ghoul, Gnoll, Octopode, Troll, Vine Stalker
 47102 | Crypt:1  | Iwannabefree: ;D
 47187 | Crypt:1  | Found an ancient bone altar of Kikubaaqudgha.
 47268 | Crypt:1  | theanonym: Мне ещё надо пройти эльфом, котом и осьминогом
 47367 | Crypt:1  | Iwannabefree: a я и не играл на говне
 47367 | Crypt:1  | Iwannabefree: из всего этого я вроде только троллем играл
 47489 | Crypt:1  | Received a gift from Yredelemnul (a phantasmal warrior)
 47881 | Crypt:2  | Received a gift from Yredelemnul (a vampire knight)
 48100 | Crypt:2  | Received a gift from Yredelemnul (a flayed ghost)
 48344 | Crypt:2  | theanonym: !greatprogress
 48388 | Crypt:2  | beem: Dg:19 Gr:19 Fe:20 Mi:20 Ds:21 Gh:21 Fo:22 HO:22 Mu:22 Ba:23 Ce:23 DD:23 Dr:23 Gn:23 Ha:23 Hu:23 Ko:23 Mf:23 Na:23 Og:23 Tr:23 VS:23 Vp:23 DE:24 Op:24 Sp:24 Te:24
                  | Fi:14 Gl:22 Mo:22 Ar:24 Be:24 AK:25 As:25 Hu:25 Tm:25 AM:26 CK:26 Cj:26 EE:26 Sk:26 Su:26 Wn:26 AE:27 En:27 FE:27 IE:27 Ne:27 VM:27 Wr:27 Wz:27
 48398 | Crypt:3  | Entered Level 3 of the Crypt
 48688 | Crypt:2  | Iwannabefree: !greatprogress
 48796 | Crypt:3  | beem: Vp:0 Na:16 Fe:17 Dg:19 Ds:21 Mu:22 Ce:23 DD:23 DE:23 Gh:23 Gr:23 HO:23 Ha:23 Hu:23 Mf:23 Mi:23 Og:23 Te:23 Ba:24 Dr:24 Fo:24 Gn:24 Ko:24 Op:24 Sp:24 Tr:24 VS:24
                  | Mo:22 FE:23 Fi:23 Wz:23 AM:24 As:24 CK:24 Cj:24 Sk:24 Su:24 Tm:24 AE:25 AK:25 Be:25 En:25 Gl:25 Hu:25 IE:25 VM:25 Wn:25 Wr:25 Ar:26 EE:26 Ne:26
 48812 | Crypt:3  | Reached skill level 15 in Air Magic
 48875 | Crypt:3  | Found a staircase to the Tomb.
 48919 | Crypt:3  | arkorax: herro pussi
 49093 | Crypt:3  | arkorax: !stalk iwannabefree
 49100 | Crypt:3  | beem: Iwannabefree the L22 NaAr^Yred in Crypt:3 (cxc tiles), T:48398, runes: 2 (serpentine, decaying), defenses: 42/9/0, stats: 17/30/18, >15 skills: Fighting,Maces & Flails
 49100 | Crypt:3  | Iwannabefree: hi
 49109 | Crypt:3  | Got an ancient glass ring
 49117 | Crypt:3  | arkorax: heyo
 49117 | Crypt:3  | arkorax: ty
 49166 | Crypt:3  | Noticed a curse toe
 49190 | Crypt:3  | arkorax: going 15?
 49191 | Crypt:3  | Killed a curse toe
 49191 | Crypt:3  | Received a gift from Yredelemnul (a ghoul)
 49209 | Crypt:3  | HP: 29/224 [flayed ghost/flay_damage (20)]
 49219 | Crypt:3  | Got a vibrating gossamer ring
 49221 | Crypt:3  | Identified the ring "Alun" {+Blink rElec rF++ rN+ Str-5} (You took it off a skeletal warrior on level 3 of the Crypt)
 49222 | Crypt:3  | Identified the ring of the Moon {*Contam +Blink rC+++ rN+ Stlth-} (You took it off a vampire mage on level 3 of the Crypt)
 49223 | Crypt:3  | Iwannabefree: ofc not lol
 49223 | Crypt:3  | Iwannabefree: dem those rings man
 49225 | Crypt:3  | Got a faintly glowing lapis lazuli ring
 49226 | Crypt:3  | Identified the ring "Duddurghilu" {rN+ MR+} (You took it off a skeletal warrior on level 3 of the Crypt)
 49269 | Crypt:3  | Noticed an ancient lich
 49281 | Crypt:3  | Killed an ancient lich
 49427 | Crypt:3  | Noticed an ancient lich
 49427 | Crypt:3  | Noticed an ancient lich
 49441 | Crypt:3  | Killed an ancient lich
 49446 | Crypt:3  | Killed an ancient lich
 49446 | Crypt:3  | Reached XP level 23. HP: 176/232 MP: 27/27
 49446 | Crypt:3  | Received a gift from Yredelemnul (a ghoul)
 49449 | Crypt:3  | Identified the Collected Works on Dark Secrets
 49827 | Vaults:2 | arkorax: cmon u gotta go 15
 49827 | Vaults:2 | arkorax: with undeadhunter
 49827 | Vaults:2 | Iwannabefree: its undeadhunter
 49827 | Vaults:2 | arkorax: switch to tso and gogogo
 49827 | Vaults:2 | Iwannabefree: not demonhunter
 49834 | Vaults:2 | Iwannabefree: tfw still no brandweapon
 49834 | Vaults:2 | arkorax: :'(
 49927 | Vaults:1 | Learned a level 5 spell: Bolt of Draining
 49933 | Vaults:1 | Learned a level 5 spell: Borgnjor's Vile Clutch
 50062 | Depths:1 | Entered Level 1 of the Depths
 50080 | Depths:1 | Reached skill level 1 in Summonings
 50082 | Depths:1 | Received a gift from Yredelemnul (a bone dragon)
 50116 | D:15     | theanonym: !lg * de s=class /win
 50241 | Depths:1 | arkorax: https://www.reddit.com/r/shittybattlestations/comments/7lv6vu/my_animework_setup/
 50255 | Depths:1 | arkorax: iwannabefree irl
 50255 | Depths:1 | Iwannabefree: yep
 50255 | Depths:1 | Iwannabefree: that is close to reality!
 50255 | Depths:1 | Iwannabefree: except wallpaper
 50256 | Depths:1 | Identified a scroll of acquirement
 50264 | Depths:1 | arkorax: that is where i play dcss
 50264 | Depths:1 | Reached skill level 1 in Necromancy
 50276 | Depths:1 | Iwannabefree: man those boggerts
 50296 | Depths:1 | Received a gift from Yredelemnul (a phantasmal warrior)
 50382 | Depths:1 | Iwannabefree: .
 50389 | Depths:1 | Reached skill level 5 in Spellcasting
 50405 | Depths:1 | Noticed a juggernaut
 50412 | Depths:1 | Received a gift from Yredelemnul (a vampire knight)
 50423 | Depths:1 | Killed a juggernaut
 50486 | Depths:1 | Received a gift from Yredelemnul (a ghoul)
 50532 | Depths:1 | Iwannabefree: ;D
 50726 | Depths:1 | Lost mutation: You are partially covered in slimy green scales. (AC +2) [the power of Zot]
 50738 | Depths:1 | Reached skill level 5 in Summonings
 50771 | Depths:1 | Noticed an ancient lich
 50779 | Depths:1 | Killed an ancient lich
 50779 | Depths:1 | Reached skill level 5 in Necromancy
 50783 | Depths:1 | Received a gift from Yredelemnul (a vampire)
 50799 | Depths:1 | Identified the Grimoire of Malediction
 50808 | Depths:1 | Learned a level 5 spell: Silence
 50865 | Depths:1 | HP: 29/232 [flayed ghost/flay_damage (20)]
 50870 | Depths:1 | Noticed Mara
 50872 | Depths:1 | Noticed Iwannabefree's illusion
 50885 | Depths:1 | Killed Mara
 51318 | Depths:1 | Found a one-way gate to the infinite horrors of the Abyss.
 51486 | Depths:2 | arkorax: de[ths are fun
 51522 | Depths:2 | Noticed Gorglomux's ghost (veteran FoSu)
 51535 | Depths:2 | Killed Gorglomux's ghost
 51589 | Depths:1 | Iwannabefree: pitiful army
 51683 | Depths:2 | arkorax: hmmm who are you going to enslace?
 51688 | Depths:2 | arkorax: *enslave
 51731 | Depths:2 | Iwannabefree: dunno
 51839 | Depths:2 | Iwannabefree: rakshasa probly
 51981 | Depths:2 | Received a gift from Yredelemnul (a profane servitor)
 52518 | Depths:2 | Iwannabefree: mhmm
 52518 | Depths:2 | Iwannabefree: stupid vault
 52522 | Depths:2 | arkorax: yea
 52526 | Depths:3 | arkorax: also usually not worth
 52562 | Depths:3 | Received a gift from Yredelemnul (a vampire)
 52589 | Depths:3 | Reached skill level 1 in Earth Magic
 52589 | Depths:3 | Reached XP level 24. HP: 171/241 MP: 30/31
 52641 | Depths:3 | arkorax: AM eveningstar prob better tbh
 52697 | Depths:3 | Iwannabefree: no mana
 52723 | Depths:3 | Received a gift from Yredelemnul (a bone dragon)
 52727 | Depths:3 | arkorax: ahh damn
 52815 | Depths:3 | Received a gift from Yredelemnul (a skeletal warrior)
 52863 | Depths:3 | Gained mutation: You are weak. (Str -2) [a neqoxec]
 52895 | Depths:3 | Received a gift from Yredelemnul (a vampire knight)
 53034 | Depths:3 | Found the +8 mithril axe "Arga" {speed, MR+}
 53040 | Depths:3 | Iwannabefree: HMMMMMMMMMMMMMMMmm
 53040 | Depths:3 | Iwannabefree: REALLY MAKES YOU THINK
 53049 | Depths:3 | Iwannabefree: eh
 53049 | Depths:3 | Iwannabefree: 13 dmg
 53060 | Depths:3 | arkorax: imo try for statue
 53074 | Depths:3 | Iwannabefree: statue is for faggots and retards
 53074 | Depths:3 | Iwannabefree: im neither!
 53082 | Depths:3 | arkorax: smh
 53085 | Depths:3 | arkorax: no homo
 53188 | Depths:3 | arkorax: gr8 vault
 53307 | Depths:3 | Reached skill level 1 in Axes
 53383 | Depths:3 | Found a one-way gate leading to the halls of Pandemonium.
 53496 | Depths:3 | Noticed Xtahua
 53502 | Depths:3 | NormalPerson7: also yred forbids statue
 53506 | Depths:3 | Killed Xtahua
 53812 | Depths:4 | Iwannabefree: more boggarts
 53854 | Depths:4 | arkorax: boggarts great design choice
 53889 | Depths:4 | Iwannabefree: everything is!
 54035 | Depths:4 | Received a gift from Yredelemnul (a flayed ghost)
 54042 | Depths:4 | arkorax: especially removal or rMut and cMut :) :)
 54056 | Depths:4 | Iwannabefree: yea
 54056 | Depths:4 | Iwannabefree: certainly makes game less tedius
 54056 | Depths:4 | Iwannabefree: tediouous
 54087 | Depths:4 | Found a basalt altar of Yredelemnul.
 54231 | Depths:4 | Received a gift from Yredelemnul (a bone dragon)
 54336 | Depths:4 | Found a snail-covered altar of Cheibriados.
 54395 | Depths:4 | Found a blossoming altar of Fedhas.
 54396 | Depths:4 | NormalPerson7: tedious...
 54402 | Depths:4 | Received a gift from Yredelemnul (a vampire)
 54553 | Depths:4 | Reached skill level 5 in Earth Magic
 54645 | Depths:4 | arkorax: bless
 54682 | Depths:4 | Iwannabefree: gogo chaos
 54779 | Depths:3 | Iwannabefree: still better than ax
 54779 | Depths:3 | arkorax: ehhh not bad not good
 54896 | Depths:4 | Found a radiant altar of Vehumet.
 55252 | Depths:4 | Learned a level 3 spell: Regeneration
 55256 | Depths:4 | Learned a level 3 spell: Spectral Weapon
 55260 | Depths:4 | Learned a level 2 spell: Song of Slaying
 55293 | Depths:4 | Reached skill level 10 in Spellcasting
 55370 | Depths:4 | Reached skill level 1 in Hexes
 55547 | Depths:4 | Received a gift from Yredelemnul (a phantasmal warrior)
 55643 | Depths:5 | Entered Level 5 of the Depths
 55681 | Depths:5 | Reached skill level 10 in Necromancy
 55751 | Depths:5 | Received a gift from Yredelemnul (a profane servitor)
 55861 | Depths:5 | Reached XP level 25. HP: 248/248 MP: 33/33
 55932 | Depths:5 | Noticed a juggernaut
 55944 | Depths:5 | Killed a juggernaut
 55980 | Depths:5 | Found a gateway to a ziggurat.
 56202 | Depths:5 | Received a gift from Yredelemnul (a vampire)
 56206 | Depths:5 | Found a gate to the Realm of Zot.
 56405 | Depths:5 | arkorax: man new spell is so legit
 56411 | Depths:5 | arkorax: watch it get nerfed
 56431 | Depths:5 | Received a gift from Yredelemnul (a ghoul)
 57124 | Slime:1  | Entered Level 1 of the Pits of Slime
 57261 | Slime:2  | Gained mutation: You are frail. (-10% HP) [a shining eye]
 57501 | Slime:3  | Reached skill level 15 in Armour
 57557 | Slime:3  | Iwannabefree: 83% haunt
 57557 | Slime:3  | Iwannabefree: heh
 57557 | Slime:3  | Iwannabefree: ;(
 57557 | Slime:3  | Iwannabefree: ??dchan
 57557 | Slime:3  | beem: death channel[1/1]: Level 6 necromancy spell in the book of Unlife. Gives you the temporary status of "channeling the dead" (check it in @ or %), during which anything killed by you or in your LOS comes back as a temporary friendly spectral thing (and can still leave a corpse, too).
 57566 | Slime:3  | Learned a level 6 spell: Death Channel
 57586 | Slime:4  | Received a gift from Yredelemnul (a vampire knight)
 57984 | Slime:5  | Entered Level 5 of the Pits of Slime
 58010 | Slime:5  | Received a gift from Yredelemnul (a skeletal warrior)
 58065 | Slime:5  | Noticed the Royal Jelly
 58070 | Slime:5  | NormalPerson7: injury mirror :P
 58071 | Slime:5  | Iwannabefree: hmm
 58078 | Slime:5  | NormalPerson7: you actually did it lol
 58086 | Slime:5  | NormalPerson7: you can see how ineffective it is
 58086 | Slime:5  | arkorax: kill one
 58086 | Slime:5  | Killed the Royal Jelly
 58086 | Slime:5  | Nattefrost: ignition
 58087 | Slime:5  | arkorax: nvm
 58094 | Slime:5  | Iwannabefree: whoops
 58094 | Slime:5  | Iwannabefree: not friendly
 58094 | Slime:5  | Iwannabefree: yred pls
 58119 | Slime:5  | Nattefrost: youre not under penance still
 58127 | Slime:4  | Iwannabefree: muh piety
 58288 | Slime:5  | arkorax: rip pooety
 58302 | Slime:5  | Got a sparkling diamond amulet
 58303 | Slime:5  | Identified the amulet of Lies {Spirit +Fly rPois} (You found it on level 5 of the Pits of Slime)
 58320 | Slime:5  | arkorax: check the brood axe
 58347 | Slime:5  | Identified the Tome of Transmigration
 58376 | Slime:5  | Identified the +8 broad axe of Irirux {chop, -Tele rF+ Str+6 Stlth+} (You found it on level 5 of the Pits of Slime)
 58387 | Slime:5  | Identified the +1 scale mail of Perpetual Drought {+Inv rF- rC+ Str+3} (You found it on level 5 of the Pits of Slime)
 58390 | Slime:5  | Identified the cursed +1 scale mail of Fizxoz {MR- rCorr Stlth+} (You found it on level 5 of the Pits of Slime)
 58414 | Slime:5  | Got a slimy rune of Zot
 58416 | Slime:5  | Identified the +6 ring mail of the Moon {rN+} (You found it on level 5 of the Pits of Slime)
 58476 | Slime:2  | NormalPerson7: yred doesn't care if you hurt your allies
 58672 | D:11     | NormalPerson7: it's just injury mirror took it all :(
 58877 | Vaults:2 | Iwannabefree: i spammed drain life
 58999 | Vaults:4 | Nattefrost: injury mirror is meh
 58999 | Vaults:4 | jacquesderrida: ХАЙ
 59002 | Vaults:5 | Entered Level 5 of the Vaults
 59034 | Vaults:4 | Received a gift from Yredelemnul (a ghoul)
 59091 | Vaults:4 | Received a gift from Yredelemnul (a flayed ghost)
 59125 | Vaults:4 | Reached skill level 10 in Summonings
 59222 | Vaults:5 | Reached XP level 26. HP: 163/232 MP: 34/34
 59312 | Vaults:5 | Found the +10 large shield of Ignorance {rN+ Int-4}
 59331 | Vaults:5 | arkorax: LUCKY
 59347 | Vaults:5 | arkorax: IGNORANCEEEE
 59365 | Vaults:5 | Iwannabefree: tab fiesta
 59365 | Vaults:5 | Iwannabefree: its shit!
 59367 | Vaults:5 | arkorax: yeeee
 59444 | Vaults:5 | Found the +10 dark maul {crush}
 59448 | Vaults:5 | Iwannabefree: wow
 59448 | Vaults:5 | Iwannabefree: mauler
 59571 | Vaults:5 | Received a gift from Yredelemnul (a flayed ghost)
 59651 | Vaults:5 | Got a silver rune of Zot
 59834 | Vaults:5 | Received a gift from Yredelemnul (a profane servitor)
 59965 | Vaults:5 | Found Qamom's General Store.
 60022 | Vaults:5 | Bought a scroll of immolation for 49 gold pieces
 60022 | Vaults:5 | Bought a scroll of teleportation for 42 gold pieces
 60022 | Vaults:5 | Bought a scroll of blinking for 105 gold pieces
 60022 | Vaults:5 | NormalPerson7: i told him to use injury mirror as a joke, it takes sqrt(damage taken) piety, which is huge - when trj does 25 damage, goodbye 5 piety
 60094 | Vaults:5 | jacquesderrida: Мое увложнение, сосоны
 60108 | Vaults:5 | arkorax: wtf
 60110 | Vaults:5 | Received a gift from Yredelemnul (a vampire)
 60126 | Vaults:5 | arkorax: a lot of piety lol
 60136 | Vaults:5 | arkorax: he got ignorance so its 15 runes gg
 60368 | Vaults:5 | NormalPerson7: you could say that
 60647 | Vaults:5 | Iwannabefree: 15 is shit
 60647 | Vaults:5 | NormalPerson7: i challenge you to take yred thru extended
 60647 | Vaults:5 | Iwannabefree: because necromancy doesnt work here
 60647 | Vaults:5 | Iwannabefree: and yred
 60648 | Vaults:5 | jacquesderrida: NormanPreston93
 60648 | Vaults:5 | Nattefrost: yred past 4-5 runes (even abyss can be hard imo) sounds really difficult
 60648 | Vaults:5 | Iwannabefree: i could if i were playin mi
 61073 | Depths:5 | Iwannabefree: or gh
 61073 | Zot:1    | Entered Level 1 of the Realm of Zot
 61158 | Zot:1    | arkorax: god switch?
 61171 | Zot:1    | jacquesderrida: ABRAXAS
 61186 | Zot:1    | arkorax: jaka!
 61186 | Zot:1    | NormalPerson7: you could, but yred would be useless
 61196 | Zot:2    | jacquesderrida: HELO
 61351 | Zot:1    | jacquesderrida: БЛЯДЬ ВЕНЯ
 61416 | Zot:2    | jacquesderrida: У ЧЕЛА КАНАЛ В ТЕЛЕГРАМЕ НАЗЫВАЕТСЯ "EL"
 61422 | Zot:3    | jacquesderrida: То есть это СЕО
 61422 | Zot:3    | jacquesderrida: Залупы этой
 61423 | Zot:3    | Iwannabefree: aga
 61423 | Zot:3    | Iwannabefree: i
 61426 | Zot:3    | jacquesderrida: Придется сразу с директором пиздеть
 61429 | Zot:2    | jacquesderrida: Минуя эйчаров
 61437 | Zot:2    | jacquesderrida: А значит, будет всего одно интервью
 61598 | Zot:2    | jacquesderrida: Кайфово конеш
 61623 | Zot:2    | jacquesderrida: Но стремно
 61698 | Zot:3    | Received a gift from Yredelemnul (a bone dragon)
 61704 | Zot:3    | Nattefrost: i hate orb run with a naga :x
 61940 | Zot:3    | jacquesderrida: ПИЗДАРИКИ СОСОНЫ
 61997 | Zot:3    | wojtek: "a run with a naga"
 62003 | Zot:3    | wojtek: sounds like an oxymoron
 62026 | Zot:4    | Iwannabefree: rune slither
 62093 | Zot:4    | jacquesderrida: yo i run with my nagas fool
 62108 | Zot:5    | Entered Level 5 of the Realm of Zot
 62109 | Zot:5    | wojtek: lol
 62134 | Zot:5    | Reached XP level 27. HP: 236/239 MP: 33/35
 62192 | Zot:5    | wojtek: not sure if it was intended
 62199 | Zot:5    | Noticed an orb of fire
 62203 | Zot:5    | wojtek: but I read it as if it was the n word ;-)
 62207 | Zot:5    | Killed an orb of fire
 62233 | Zot:5    | Noticed an ancient lich
 62233 | Zot:5    | wojtek: oh, I hate political correctness
 62239 | Zot:5    | Killed an ancient lich
 62244 | Zot:5    | jacquesderrida: That's the point
 62248 | Zot:5    | wojtek: I find the term "the n word" offensive in itself
 62248 | Zot:5    | jacquesderrida: Yes
 62248 | Zot:5    | wojtek: offensive to human brain
 62285 | Zot:5    | Iwannabefree: the n word
 62285 | Zot:5    | wojtek: but you're Russian
 62285 | Zot:5    | Iwannabefree: like in harry potter
 62364 | Zot:5    | Noticed an ancient lich
 62365 | Zot:5    | wojtek: you're not spoiled by this leftist crap
 62367 | Zot:5    | Iwannabefree: yea nigga
 62373 | Zot:5    | Killed an ancient lich
 62377 | Zot:5    | jacquesderrida: If you want to say nigger, you have to take the heat, dawg!
 62384 | Zot:5    | Noticed an ancient lich
 62391 | Zot:5    | Killed an ancient lich
 62397 | Zot:5    | jacquesderrida: >You're Russian
 62397 | Zot:5    | Received a gift from Yredelemnul (a flayed ghost)
 62402 | Zot:5    | Reached skill level 20 in Fighting
 62426 | Zot:5    | wojtek: aren'y you?
 62434 | Zot:5    | jacquesderrida: Hate to break it to you, but ruskies've had a middle class since like 00s
 62440 | Zot:5    | jacquesderrida: Hehe
 62464 | Zot:5    | Learned a level 7 spell: Haunt
 62503 | Zot:5    | wojtek: oh, by the way, I was just reading a book by Alexander Potiomkin yesterday
 62565 | Zot:5    | wojtek: "the Player", though he's more famous for "the Desk" or whatever the English translation is
 62605 | Zot:5    | Noticed an orb of fire
 62608 | Zot:5    | Gained mutation: Your body sometimes deteriorates upon taking damage. [an orb of fire]
 62614 | Zot:5    | Gained mutation: Your skin changes colour to match your surroundings (Stealth+). [an orb of fire]
 62615 | Zot:5    | Killed an orb of fire
 62630 | Zot:5    | Noticed an orb of fire
 62630 | Zot:5    | jacquesderrida: I'm not sure people still read it
 62636 | Zot:5    | Received a gift from Yredelemnul (a phantasmal warrior)
 62642 | Zot:5    | jacquesderrida: My compatriots that is
 62645 | Zot:5    | Noticed an orb of fire
 62657 | Zot:5    | Killed an orb of fire
 62670 | Zot:5    | Killed an orb of fire
 62697 | Zot:5    | jacquesderrida: Usually, people don't go that far and stop on herzen, belinsky or chernyshevsky
 62697 | Zot:5    | jacquesderrida: hehe
 62697 | Zot:5    | Iwannabefree: who are those persuns
 62789 | Zot:5    | Nattefrost: i read the player a few years back
 62789 | Zot:5    | jacquesderrida: Don't mind Ivan, he is a rusky, but illiterate at that
 62789 | Zot:5    | Iwannabefree: they have no soul to channel
 62802 | Zot:5    | Noticed an ancient lich
 62810 | Zot:5    | Iwannabefree: i just dont liek to read boring things jak
 62820 | Zot:5    | Killed an ancient lich
 62820 | Zot:5    | Received a gift from Yredelemnul (a profane servitor)
 62854 | Zot:5    | Noticed an orb of fire
 62855 | Zot:5    | wojtek: I'm trying to find names of Potiomkin's books in English via google
 62864 | Zot:5    | Killed an orb of fire
 62864 | Zot:5    | Reached skill level 21 in Fighting
 62871 | Zot:5    | Noticed an ancient lich
 62876 | Zot:5    | Killed an ancient lich
 62905 | Zot:5    | Noticed an orb of fire
 62906 | Zot:5    | Gained mutation: Your body often deteriorates upon taking damage. [an orb of fire]
 62907 | Zot:5    | jacquesderrida: Are we talking about some grigory potemkin's relative or what?
 62908 | Zot:5    | jacquesderrida: I think I'm missing something
 62911 | Zot:5    | Gained mutation: You tend to lose your temper in combat. [an orb of fire]
 62912 | Zot:5    | Killed an orb of fire
 62926 | Zot:5    | Lost mutation: You tend to lose your temper in combat. [potion of mutation]
 62926 | Zot:5    | Lost mutation: You are frail. (-10% HP) [potion of mutation]
 62926 | Zot:5    | Lost mutation: Your flesh is heat resistant. (rF+) [potion of mutation]
 62926 | Zot:5    | Gained mutation: You are agile. (Dex +2) [potion of mutation]
 62926 | Zot:5    | Gained mutation: You are very weak. (Str -4) [potion of mutation]
 62926 | Zot:5    | Gained mutation: You are covered in fur. (AC +1) [potion of mutation]
 62927 | Zot:5    | Lost mutation: You are very weak. (Str -4) [potion of mutation]
 62927 | Zot:5    | Lost mutation: Your magical capacity is low. (-10% MP) [potion of mutation]
 62927 | Zot:5    | Gained mutation: You can exhale a cloud of poison. [potion of mutation]
 62927 | Zot:5    | Gained mutation: Your flesh is heat resistant. (rF+) [potion of mutation]
 62927 | Zot:5    | Gained mutation: You can translocate small distances at will. [potion of mutation]
 62945 | Zot:5    | jacquesderrida: What are the chances that there're 2 people who've read something like that in this chat
 62945 | Zot:5    | Got the Orb of Zot
 62960 | Zot:5    | wojtek: no, I don't think Alex is a famous writer at all
 62970 | Zot:5    | Noticed Qeggomm the pandemonium lord
 62984 | Zot:5    | Killed Qeggomm the pandemonium lord
 63080 | Zot:2    | Noticed Jafero the pandemonium lord
 63094 | Zot:2    | Killed Jafero the pandemonium lord
 63103 | Zot:2    | Received a gift from Yredelemnul (a vampire)
 63157 | Zot:1    | Received a gift from Yredelemnul (a vampire)
 63160 | Zot:1    | Noticed Xagin the pandemonium lord
 63163 | Zot:1    | jacquesderrida: links, info, etc pls
 63163 | Zot:1    | wojtek: he was a high level tax officer
 63163 | Zot:1    | jacquesderrida: I need to know that
 63163 | Zot:1    | wojtek: in Russia
 63163 | Zot:1    | jacquesderrida: Since I don't know
 63163 | Zot:1    | wojtek: and he wrote a book that describes a day of such a guy's work
 63172 | Zot:1    | jacquesderrida: Hmmm
 63174 | Zot:1    | Iwannabefree: poor panlord
 63178 | Depths:5 | wojtek: mentioning bribes, nepotism, etc.
 63271 | Depths:1 | jacquesderrida: Sounds like very perverse and deviant literature
 63462 | D:7      | NormalPerson7: gratz
 63486 | D:6      | Noticed Furot the pandemonium lord
 63576 | D:1      | wojtek: Александр Потёмкин
 63576 | D:1      | Iwannabefree: finelly
 63577 | D:$      | Escaped with the Orb!

Vault maps used:
D:1:      minmay_arrival_cross, st_stairs_6
D:2:      old_standard_altar, grunt_temple_overflow_open,
          gammafunk_temple_overflow_forgotten, first_ration,
          kennysheep_jessica_study
D:3:      lemuel_round_altar, uniq_ijyb
D:4:      wad_river_or_something, grunt_temple_overflow_forces_of_nature,
          old_standard_altar, kennysheep_slug_shrine,
          nicolae_ossuary_entry_giza, nemelex_xobeh_ov_fountains_minmay,
          uniq_edmund
D:5:      grunt_decor_mini_mirrors
D:6:      serial_shops, shop
D:7:      lemuel_crystal_altar, minmay_temple_entry_junction
D:8:      cheibrodos_iron_armory, hangedman_little_slice_of_home,
          nicolae_ashenzari_panopticon
D:9:      minivault_12
D:10:     david_lair_shrubbed, uniq_harold
D:11:     zombieorc2_lemuel
D:12:     nicolae_qazlal_general_emergency
D:14:     david_vaults_4, okawaru_ov_weapons_minmay
D:15:     hangedman_depths_entry_try_elsewhere_first, serial_shops, shop,
          minmay_liquid_box
Lair:1:   portal_ice_cave_entry_imps
Lair:2:   nicolae_swamp_entry_splash_gauntlet, roderic_carrion_pond, uniq_sonja
Lair:3:   serial_bayou_lagoon_a
Lair:4:   guppyfry_snake_entry_garden, enter_volcano_2, lab_entry_generic,
          basic_altar, minivault_29, uniq_urug, uniq_josephine
Lair:5:   slime_altar_2, lemuel_fruit_fields
Lair:6:   evil_forest, st_stairs_12, pond, grunt_megastairs_4,
          lemuel_fruit_tree, serial_bayou_shore_a
Swamp:1:  hangedman_swamp_lotus, infiniplex_staircase_pool, uniq_donald
Swamp:2:  nicolae_swamp_dense_foliage, infiniplex_staircase_pool_2, uniq_nikola
Swamp:3:  evilmike_swamp_ruin_house_5, uniq_kirke, uniq_louise
Swamp:4:  swamp_pestilence, swamp_pool2
Snake:1:  serial_bayou_pond_e, uniq_aizul, uniq_agnes
Snake:3:  minmay_shop_grove, uniq_roxanne
Snake:4:  snake_pit, basic_altar, serial_shops, shop
Orc:1:    basic_altar
Orc:2:    pubby_orc_utopia, uniq_nessos
Elf:1:    eino_elf_arrival_customs, serial_shops, shop, minmay_elf_demonology
Elf:2:    serial_shops, shop, shop_fountains
Elf:3:    minmay_elf_hall_statues, serial_shops, bzr_entry_road
Vaults:1: v_alt_pattern_1, ontoclasm_vaults_bender, nicolae_vaults_theta,
          vaults_room_door_hall, v_rooms_1, nicolae_vaults_display_case,
          v_alt_pattern_3, v_misc_26, nicolae_vaults_big_ls, v_misc_5,
          serial_shops, nicolae_shop_trees, portal_desolation_entry_holy_temple
Vaults:2: vaults_room_door_hall, v_rooms_2, nicolae_vaults_network_square,
          vaults_mumra_chevron_long, hangedman_vaults_river_flow,
          ontoclasm_vaults_ligature, ontoclasm_vaults_loading_screen,
          nicolae_vaults_network_periphery, v_misc_23, v_pattern_5,
          vaults_room_fancy_cross, vaults_room_semicircle,
          minmay_crypt_entry_simple_box, vaults_room_hallway, uniq_boris
Vaults:3: v_misc_24, vaults_dpeg_hooks, ontoclasm_vaults_decontamination,
          hangedman_vaults_snaps, ontoclasm_vaults_chip, vaults_room_pool,
          nicolae_vaults_windows_and_doors_thing, vaults_dpeg_encased_lava,
          infiniplex_enter_wizlab_water, uniq_jory
Vaults:4: grunt_vaults_funnel, nicolae_vaults_network_star,
          nicolae_vaults_three_branches, vaults_dpeg_diagonal, vaults_room_grid,
          nicolae_vaults_network_barrier, ontoclasm_vaults_pinch,
          grunt_vaults_hallway_short, v_rooms_6, hangedman_vaults_stitches,
          serial_shops, bzr_entry_water
Vaults:5: serial_shops
Crypt:1:  basic_altar
Crypt:3:  david_glass_crypt
Depths:1: hangedman_arch_fort, pf_coc_iceberg, minmay_room_of_horrors,
          nzn_random_ring, serial_bayou_shore_b, uniq_mara
Depths:2: constructs_gauntlet_mu_hangedman, hell_entry,
          infiniplex_staircase_split_hallway, abyss_entry
Depths:3: kennysheep_demon_jail, abyss_entry, nrook_mini_vaults, hell_entry,
          rand_demon_pan_entry_5, serial_glass, glass_columns_a,
          glass_columns_b, minmay_strange_pillars, feat_on_display,
          wad_dig_loot, infiniplex_staircase_star, uniq_xtahua
Depths:4: grunt_profane_halls, abyss_entry, hell_entry
Depths:5: grunt_zot_entry_alcove, enter_ziggurat_b,
          abyss_entry_small_statue_room, hell_entry, kennysheep_crisscross,
          grunt_decor_cap
Zot:2:    guppyfry_library_mini
Zot:3:    hangedman_snap_crack_crunch
Zot:4:    hangedman_spider_trapstep
Abyss:2:  hangedman_abyss_or_decor_stagger, hangedman_abyss_or_decor_stabs
Lab:      labyrinth_mini_lab, nicolae_lab_diamond, nicolae_lab_grate_2,
          nicolae_lab_checkerboard, nicolae_lab_statue, nicolae_lab_grate,
          nicolae_lab_dead_end, labyrinth_lava_lair, lab_hedge
Bazaar:   bazaar_outfitter, bazaar_minmay_cross
Ossuary:  ossuary_tomb_2
IceCv:    ice_cave_caverns_01
Volcano:  volcano_grotto
WizLab:   wizlab_cloud

Skill      XL: |  1  2  3  4  5  6  7  8  9 10 11 12 13 14 15 16 17 18 19 20 21 22 23 24 25 26 27 |
---------------+----------------------------------------------------------------------------------+-----
Evocations     | 4 5 |  5.0
Fighting       | 2 3 4 6 7 8 9 10 12 13 14 17 19 21 | 21.6
Maces & Flails | 1 3 5 9 10 11 12 13 15 16 18 | 18.7
Short Blades   | 2 |  2.9
Invocations    | 6 7 8 10 | 10.0
Armour         | 3 5 7 9 10 11 12 13 14 15 17 | 17.6
Conjurations   | 3 4 8 |  8.0
Translocations | 3 4 |  4.0
Spellcasting   | 3 4 7 10 11 12 | 12.7
Shields        | 1 5 7 9 |  9.0
Dodging        | 5 6 |  6.0
Charms         | 1 6 |  6.0
Air Magic      | 1 9 13 15 | 15.8
Summonings     | 7 8 10 12 | 12.0
Necromancy     | 7 10 12 14 | 14.2
Earth Magic    | 1 5 |  5.0
Axes           | 4 |  4.7
Hexes          | 3 4 |  4.0
Stealth        | |  1.5

Action                   |  1- 3 |  4- 6 |  7- 9 | 10-12 | 13-15 | 16-18 | 19-21 | 22-24 | 25-27 || total
-------------------------+-------+-------+-------+-------+-------+-------+-------+-------+-------++-------
Melee: Short sword       |    62 |       |       |       |       |       |       |       |       ||    62
       Dagger            |     5 |   576 |    58 |       |       |       |       |       |       ||   639
       Unarmed           |       |    18 |       |       |       |     2 |       |       |       ||    20
       Dire flail        |       |       |   267 |   632 |   740 |       |       |       |       ||  1639
       Constrict         |       |       |       |       |   267 |   201 |   291 |   247 |   131 ||  1137
       Tailslap          |       |       |       |       |   160 |   175 |   157 |       |       ||   492
       Morningstar       |       |       |       |       |   379 |   638 |  1417 |   994 |       ||  3428
       Eveningstar       |       |       |       |       |    38 |   284 |       |   178 |  1270 ||  1770
       Great mace        |       |       |       |       |       |       |       |   296 |       ||   296
 Fire: Blowgun           |       |       |       |       |     3 |       |       |       |       ||     3
Throw: Throwing net      |       |       |     1 |     3 |       |     2 |     3 |       |     1 ||    10
 Cast: Force Lance       |       |       |       |     3 |     3 |       |       |       |       ||     6
       Blink             |       |       |       |       |    11 |     2 |     3 |       |     2 ||    18
       Recall            |       |       |       |       |     2 |     3 |       |       |       ||     5
       Airstrike         |       |       |       |       |       |       |    13 |     1 |       ||    14
       Deflect Missiles  |       |       |       |       |       |       |       |     4 |     8 ||    12
       Bolt of Draining  |       |       |       |       |       |       |       |     2 |    11 ||    13
       Regeneration      |       |       |       |       |       |       |       |       |    30 ||    30
       Spectral Weapon   |       |       |       |       |       |       |       |       |     7 ||     7
       Death Channel     |       |       |       |       |       |       |       |       |    14 ||    14
       Borgnjor's Vile C |       |       |       |       |       |       |       |       |     7 ||     7
       Summon Butterflie |       |       |       |       |       |       |       |       |     2 ||     2
       Haunt             |       |       |       |       |       |       |       |       |     1 ||     1
Invok: Animate Remains   |       |     5 |       |       |       |       |       |       |       ||     5
       Animate Dead      |       |       |    10 |    19 |    29 |     6 |     8 |     9 |    15 ||    96
       Recall Undead Sla |       |       |       |     2 |     3 |     6 |     1 |     8 |     6 ||    26
       Drain Life        |       |       |       |     6 |    11 |    21 |     6 |    10 |     6 ||    60
       Stop Recall       |       |       |       |       |     2 |     6 |     1 |     7 |     6 ||    22
       Enslave Soul      |       |       |       |       |     1 |     1 |     2 |       |       ||     4
       Injury Mirror     |       |       |       |       |       |       |       |       |     1 ||     1
 Abil: Spit Poison       |    15 |    16 |    16 |    18 |     7 |       |     4 |     1 |       ||    77
Evoke: Wand              |     3 |     7 |    14 |    32 |    46 |    33 |    26 |    10 |     9 ||   180
       Lamp of fire      |       |       |       |     1 |     1 |     1 |     1 |       |     1 ||     5
       Phial of floods   |       |       |       |       |       |     1 |       |       |       ||     1
  Use: Scroll            |       |     8 |       |    24 |     5 |    13 |    17 |    21 |    30 ||   118
       Potion            |       |       |       |     2 |     2 |     7 |     4 |     2 |    13 ||    30
 Stab: Sleeping          |     3 |     6 |     2 |     5 |    17 |     3 |     3 |     1 |       ||    40
       Distracted        |       |       |     1 |     2 |    12 |    20 |    21 |    33 |    39 ||   128
       Paralysed         |       |       |       |    19 |     7 |       |     7 |     4 |       ||    37
       Confused          |       |       |       |       |     2 |       |       |     1 |       ||     3
       Held in net/web   |       |       |       |       |       |     1 |     3 |       |       ||     4
  Eat: Chunk             |     2 |     8 |    13 |    19 |    36 |    13 |    22 |    13 |     4 ||   130
       Ration            |       |     1 |       |     5 |     5 |     7 |     3 |     6 |    12 ||    39
Armor: Leather armour    |    11 |       |    93 |    32 |       |       |       |       |       ||   136
       Robe              |       |   149 |     1 |    70 |     2 |       |       |       |       ||   222
       Skin              |       |     2 |       |       |       |       |       |       |       ||     2
       Troll leather arm |       |       |       |    73 |   471 |       |       |       |       ||   544
       Scale mail        |       |       |       |       |    45 |   572 |   719 |   353 |       ||  1689
       Fire dragon scale |       |       |       |       |       |       |       |   650 |   657 ||  1307
Dodge: Dodged            |    26 |   228 |   152 |   239 |   348 |   186 |   313 |   460 |   261 ||  2213
       Deflected         |       |       |       |       |       |       |       |    21 |    72 ||    93
Block: Buckler           |       |       |       |       |   110 |    28 |       |       |       ||   138
       Shield            |       |       |       |       |       |   390 |   583 |   635 |   579 ||  2187
       Reflection        |       |       |       |       |       |    37 |    81 |    33 |       ||   151

Table legend:
 A = Spawn XP
 B = Non-spawn XP
 C = Spawn XP percentage of total XP
 D = Spawn monster count
 E = Non-spawn monster count
 F = Spawn count percentage of total count
 G = Total turns spent on level
                    A         B        C        D         E        F      G
               +---------+---------+-------+---------+---------+-------+---------
         Total |   16474 | 1398367 |   1.2 |      31 |    2794 |   1.1 | 63577
               +---------+---------+-------+---------+---------+-------+---------
           D:1 |       0 |      27 |   0.0 |       0 |      17 |   0.0 |  1192
           D:2 |       0 |      66 |   0.0 |       0 |      10 |   0.0 |   850
           D:3 |       0 |     200 |   0.0 |       0 |      37 |   0.0 |  1329
           D:4 |       0 |     628 |   0.0 |       0 |      27 |   0.0 |  1123
           D:5 |       0 |     524 |   0.0 |       0 |      19 |   0.0 |   750
           D:6 |       0 |     764 |   0.0 |       0 |      17 |   0.0 |   719
           D:7 |       0 |     665 |   0.0 |       0 |      22 |   0.0 |   790
           D:8 |       0 |    3054 |   0.0 |       0 |      44 |   0.0 |  2059
           D:9 |       0 |    5599 |   0.0 |       0 |      42 |   0.0 |  1064
          D:10 |       0 |    3527 |   0.0 |       0 |      34 |   0.0 |  1496
          D:11 |       0 |    3969 |   0.0 |       0 |      68 |   0.0 |  1415
          D:12 |       0 |    3720 |   0.0 |       0 |      15 |   0.0 |  1209
          D:13 |       0 |    8308 |   0.0 |       0 |      29 |   0.0 |   848
          D:14 |       0 |    4449 |   0.0 |       0 |      25 |   0.0 |  1126
          D:15 |       0 |   10972 |   0.0 |       0 |      25 |   0.0 |  1184
        Lair:1 |       0 |    1703 |   0.0 |       0 |      18 |   0.0 |  1013
        Lair:2 |       0 |    5556 |   0.0 |       0 |      29 |   0.0 |  1130
        Lair:3 |       0 |    3269 |   0.0 |       0 |      23 |   0.0 |   954
        Lair:4 |       0 |   10687 |   0.0 |       0 |      69 |   0.0 |   942
        Lair:5 |       0 |    7490 |   0.0 |       0 |      30 |   0.0 |   821
        Lair:6 |       0 |   13110 |   0.0 |       0 |      58 |   0.0 |  1224
       Swamp:1 |       0 |    7678 |   0.0 |       0 |      26 |   0.0 |  1009
       Swamp:2 |       0 |   11165 |   0.0 |       0 |      24 |   0.0 |   645
       Swamp:3 |       0 |   15710 |   0.0 |       0 |      53 |   0.0 |   960
       Swamp:4 |       0 |   16240 |   0.0 |       0 |      80 |   0.0 |  1288
       Snake:1 |       0 |   17454 |   0.0 |       0 |      37 |   0.0 |   905
       Snake:2 |       0 |    8629 |   0.0 |       0 |      23 |   0.0 |   550
       Snake:3 |       0 |    9288 |   0.0 |       0 |      29 |   0.0 |   766
       Snake:4 |       0 |   25827 |   0.0 |       0 |      55 |   0.0 |   967
       Slime:1 |       0 |    4032 |   0.0 |       0 |       4 |   0.0 |   161
       Slime:2 |       0 |    2420 |   0.0 |       0 |       5 |   0.0 |    68
       Slime:3 |       0 |   10968 |   0.0 |       0 |      15 |   0.0 |   354
       Slime:4 |       0 |   10815 |   0.0 |       0 |      21 |   0.0 |   346
       Slime:5 |       0 |   31770 |   0.0 |       0 |      28 |   0.0 |   349
         Orc:1 |       0 |    4748 |   0.0 |       0 |      57 |   0.0 |   715
         Orc:2 |       0 |   15712 |   0.0 |       0 |     148 |   0.0 |  1759
         Elf:1 |       0 |   21094 |   0.0 |       0 |      42 |   0.0 |   928
         Elf:2 |       0 |   34248 |   0.0 |       0 |      63 |   0.0 |   965
         Elf:3 |       0 |   51630 |   0.0 |       0 |      67 |   0.0 |  1420
      Vaults:1 |       0 |   51067 |   0.0 |       0 |     110 |   0.0 |  1597
      Vaults:2 |       0 |   69064 |   0.0 |       0 |     109 |   0.0 |  1918
      Vaults:3 |       0 |   55847 |   0.0 |       0 |      82 |   0.0 |  1542
      Vaults:4 |       0 |   53984 |   0.0 |       0 |      80 |   0.0 |  1162
      Vaults:5 |       0 |   95904 |   0.0 |       0 |     106 |   0.0 |  1505
       Crypt:1 |       0 |   17483 |   0.0 |       0 |      43 |   0.0 |   743
       Crypt:2 |       0 |   14695 |   0.0 |       0 |      33 |   0.0 |   881
       Crypt:3 |       0 |   64851 |   0.0 |       0 |      55 |   0.0 |  1084
      Depths:1 |       0 |   84808 |   0.0 |       0 |     102 |   0.0 |  1312
      Depths:2 |       0 |   24137 |   0.0 |       0 |      50 |   0.0 |  1138
      Depths:3 |       0 |   47677 |   0.0 |       0 |      87 |   0.0 |  1492
      Depths:4 |       0 |   74870 |   0.0 |       0 |     121 |   0.0 |  1803
      Depths:5 |       0 |   67855 |   0.0 |       0 |      58 |   0.0 |  1073
         Zot:1 |       0 |   19531 |   0.0 |       0 |      13 |   0.0 |   310
         Zot:2 |       0 |   23634 |   0.0 |       0 |      13 |   0.0 |   402
         Zot:3 |       0 |   19054 |   0.0 |       0 |      16 |   0.0 |   369
         Zot:5 |       0 |  154417 |   0.0 |       0 |      57 |   0.0 |   908
       Abyss:2 |   16474 |    1102 |  93.7 |      31 |       3 |  91.2 |   928
           Lab |       0 |    1831 |   0.0 |       0 |       6 |   0.0 |   623
       Ossuary |       0 |     210 |   0.0 |       0 |      39 |   0.0 |  1022
         IceCv |       0 |   12017 |   0.0 |       0 |      53 |   0.0 |  2432
       Volcano |       0 |    7400 |   0.0 |       0 |      19 |   0.0 |   192
        WizLab |       0 |   19926 |   0.0 |       0 |      30 |   0.0 |   950
    Desolation |       0 |   29288 |   0.0 |       0 |      74 |   0.0 |   597
               +---------+---------+-------+---------+---------+-------+---------
